Workbook
Name Altasporespecialidade: #REF!
Name Altasporunidade: #REF!
Name Ambulatóriodereferência: #REF!
Name Anestesia: #REF!
Name Atividadessociais: #REF!
Name Centrocirúrgico: #REF!
Name Centroobstétrico: #REF!
Name CME: #REF!
Name DP: #REF!
Name Ecocardiograma: #REF!
Name Eletrocardiograma: #REF!
Name Endoscopiadigestivaalta: #REF!
Name Endoscopiadigestivabaixa: #REF!
Name Examesexternos: #REF!
Name Fisioterapia: #REF!
Name Hemodiálises: #REF!
Name Hemoterapia: #REF!
Name indice: #REF!
Name Índicedegirodeleitosunidade: #REF!
Name Internaçõesporespecialidade: #REF!
Name Internaçõesporfaixaetária: #REF!
Name Internaçõespormunicípio: #REF!
Name Internaçõesporunidade: #REF!
Name Laboratóriodeanálisesclínicas: #REF!
Name Leitosdiaporespecialidade: #REF!
Name Leitosdiaporunidade: #REF!
Name Leitosporunidade: #REF!
Name Manutenção: #REF!
Name Médiadepermanênciaporunidade: #REF!
Name Médiadiáriadepacientesporunidade: #REF!
Name Nutriçãodietética: #REF!
Name Óbitosinstitucionais: #REF!
Name Óbitosnãoinstitucionais: #REF!
Name Óbitosporespecialidade: #REF!
Name Óbitosporfaixaetária: #REF!
Name Óbitosporunidade: #REF!
Name Pacientesdiaporespecialidade: #REF!
Name Pacientesdiaporunidade: #REF!
Name Pacientessaídosespecialidade: #REF!
Name Pacientessaídosporunidade: #REF!
Name Porcentagemdeocupaçãoporunidade: #REF!
Name Processamentoroupa: #REF!
Name Radiologia: #REF!
Name Ressonância: #REF!
Name Resumogeral: #REF!
Name Taxademortalidadeportipo: #REF!
Name Taxademortalidadeporunidade: #REF!
Name Testeergométrico: #REF!
Name Tomografia: #REF!
Name Transferênciainternaporunidadeenviada: #REF!
Name Transferênciainternaporunidaderecebida: #REF!
Name Ultrasonografia: #REF!

Sheet Plano Estatístico Analitic 2019
B1: PLANO ESTATÍSTICO 2019
A2: CENTRO INTEGRADO DE INCLUSÃO E REABILITAÇÃO - CIIR
A4: PLANO ESTATÍSTICO | B4: JAN | C4: FEV | D4: MAR | E4: ABR | F4: MAI | G4: JUN | H4: JUL | I4: AGO | J4: SET | K4: OUT | L4: NOV | M4: DEZ | N4: ACUM | O4: MÉDIA
A5: 1 - Estatística do Ambulatório
A6: 1.1. Nº de Consultórios e Salas
A7: Consultórios | B7: 20 | C7: 20 | D7: 20 | E7: 20 | F7: 20 | G7: 20 | H7: 20 | I7: 20 | J7: 20 | K7: 20 | L7: 20 | M7: 20 | N7: =INDEX(B7:M7,COUNT(B7:M7)) -> 20 | O7: =IF(N7=0,0,AVERAGE(B7:M7)) -> 20
A8: Salas de Triagem | B8: 2 | C8: 2 | D8: 2 | E8: 2 | F8: 2 | G8: 2 | H8: 2 | I8: 2 | J8: 2 | K8: 2 | L8: 2 | M8: 2 | N8: =INDEX(B8:M8,COUNT(B8:M8)) -> 2 | O8: =IF(N8=0,0,AVERAGE(B8:M8)) -> 2
A9: Salas de Terapias | B9: 5 | C9: 5 | D9: 5 | E9: 5 | F9: 5 | G9: 5 | H9: 5 | I9: 5 | J9: 5 | K9: 5 | L9: 5 | M9: 5 | N9: =INDEX(B9:M9,COUNT(B9:M9)) -> 5 | O9: =IF(N9=0,0,AVERAGE(B9:M9)) -> 5
A10: Salas de Reabilitações | B10: 10 | C10: 10 | D10: 10 | E10: 10 | F10: 10 | G10: 10 | H10: 10 | I10: 10 | J10: 10 | K10: 10 | L10: 10 | M10: 10 | N10: =INDEX(B10:M10,COUNT(B10:M10)) -> 10 | O10: =IF(N10=0,0,AVERAGE(B10:M10)) -> 10
A11: Consultórios Odontológicos | B11: 4 | C11: 4 | D11: 4 | E11: 4 | F11: 4 | G11: 4 | H11: 4 | I11: 4 | J11: 4 | K11: 4 | L11: 4 | M11: 4 | N11: =INDEX(B11:M11,COUNT(B11:M11)) -> 4 | O11: =IF(N11=0,0,AVERAGE(B11:M11)) -> 4
A12: Sala de Exames | B12: 17 | C12: 17 | D12: 17 | E12: 17 | F12: 17 | G12: 17 | H12: 17 | I12: 17 | J12: 17 | K12: 17 | L12: 17 | M12: 17 | N12: =INDEX(B12:M12,COUNT(B12:M12)) -> 17 | O12: =IF(N12=0,0,AVERAGE(B12:M12)) -> 17
A13: Total | B13: =SUM(B7:B12) -> 58 | C13: =IF(SUM(C7:C12)=0,"",SUM(C7:C12)) -> 58 | D13: =IF(SUM(D7:D12)=0,"",SUM(D7:D12)) -> 58 | E13: =IF(SUM(E7:E12)=0,"",SUM(E7:E12)) -> 58 | F13: =IF(SUM(F7:F12)=0,"",SUM(F7:F12)) -> 58 | G13: =IF(SUM(G7:G12)=0,"",SUM(G7:G12)) -> 58 | H13: =IF(SUM(H7:H12)=0,"",SUM(H7:H12)) -> 58 | I13: =IF(SUM(I7:I12)=0,"",SUM(I7:I12)) -> 58 | J13: =IF(SUM(J7:J12)=0,"",SUM(J7:J12)) -> 58 | ... M13: =IF(SUM(M7:M12)=0,"",SUM(M7:M12)) -> 58 | N13: =SUM(N7:N12) -> 58 | O13: =SUM(O7:O12) -> 58
A15: 1.2. Nº de Atendimentos Ambulatoriais
A16: Atendimentos Médicos | B16: =SUM(B24:B36,B50:B53) -> 2213 | C16: =SUM(C24:C36,C50:C53) -> 1741 | D16: =SUM(D24:D36,D50:D53) -> 1518 | E16: =SUM(E24:E36,E50:E53) -> 1831 | F16: =SUM(F24:F36,F50:F53) -> 2117 | G16: =SUM(G24:G36,G50:G53) -> 1704 | H16: =SUM(H24:H36,H50:H53) -> 2149 | I16: =SUM(I24:I36,I50:I53) -> 2624 | ... M16: =SUM(M24:M36,M50:M53) -> 2630 | N16: =SUM(B16:M16) -> 27220 | O16: =IF(N16=0,0,AVERAGE(B16:M16)) -> 2268.3333
A17: Atendimentos Não Médicos | B17: =SUM(B45:B48,B54) -> 1566 | C17: =SUM(C45:C48,C54) -> 1357 | D17: =SUM(D45:D48,D54) -> 1248 | E17: =SUM(E45:E48,E54) -> 1486 | F17: =SUM(F45:F48,F54) -> 1553 | G17: =SUM(G45:G48,G54) -> 1279 | H17: =SUM(H45:H48,H54) -> 1377 | I17: =SUM(I45:I48,I54) -> 1233 | ... M17: =SUM(M45:M48,M54) -> 2275 | N17: =SUM(B17:M17) -> 18452 | O17: =IF(N17=0,0,AVERAGE(B17:M17)) -> 1537.6667
A18: Procedimentos Terapêuticos | B18: =SUM(B42:B44,B49) -> 7561 | C18: =SUM(C42:C44,C49) -> 8096 | D18: =SUM(D42:D44,D49) -> 7447 | E18: =SUM(E42:E44,E49) -> 8677 | F18: =SUM(F42:F44,F49) -> 9792 | G18: =SUM(G42:G44,G49) -> 10896 | H18: =SUM(H42:H44,H49) -> 12392 | I18: =SUM(I42:I44,I49) -> 11915 | ... M18: =SUM(M42:M44,M49) -> 8636 | N18: =SUM(B18:M18) -> 115302 | O18: =IF(N18=0,0,AVERAGE(B18:M18)) -> 9608.5
A19: Procedimentos Odontológicos | B19: =SUM(B37:B41) -> 208 | C19: =SUM(C37:C41) -> 539 | D19: =SUM(D37:D41) -> 513 | E19: =SUM(E37:E41) -> 1024 | F19: =SUM(F37:F41) -> 1630 | G19: =SUM(G37:G41) -> 1127 | H19: =SUM(H37:H41) -> 1918 | I19: =SUM(I37:I41) -> 1795 | ... M19: =SUM(M37:M41) -> 1365 | N19: =SUM(B19:M19) -> 15384 | O19: =IF(N19=0,0,AVERAGE(B19:M19)) -> 1282
A20: Prótese Buco-Maxilo-Facial | H20: =H55 -> 2 | I20: =I55 -> 4 | J20: =J55 -> 0 | K20: =K55 -> 0 | L20: =L55 -> 3 | M20: =M55 -> 0 | N20: =SUM(B20:M20) -> 9 | O20: =IF(N20=0,0,AVERAGE(B20:M20)) -> 1.5
A21: Total | B21: =IF(SUM(B16:B20)=0,"",SUM(B16:B20)) -> 11548 | C21: =IF(SUM(C16:C20)=0,"",SUM(C16:C20)) -> 11733 | D21: =IF(SUM(D16:D20)=0,"",SUM(D16:D20)) -> 10726 | E21: =IF(SUM(E16:E20)=0,"",SUM(E16:E20)) -> 13018 | F21: =IF(SUM(F16:F20)=0,"",SUM(F16:F20)) -> 15092 | G21: =IF(SUM(G16:G20)=0,"",SUM(G16:G20)) -> 15006 | H21: =IF(SUM(H16:H20)=0,"",SUM(H16:H20)) -> 17838 | I21: =IF(SUM(I16:I20)=0,"",SUM(I16:I20)) -> 17571 | ... M21: =IF(SUM(M16:M20)=0,"",SUM(M16:M20)) -> 14906 | N21: =SUM(B21:M21) -> 176367 | O21: =SUM(O16:O20) -> 14698
A23: 1.3. Nº de Atendimentos Ambulatoriais - Por Especialidade
A24: Anestesiologia | B24: 17 | C24: 20 | D24: 30 | E24: 54 | F24: 69 | G24: 56 | H24: 54 | I24: 54 | J24: 82 | K24: 63 | L24: 76 | M24: 60 | N24: =SUM(B24:M24) -> 635 | O24: =IF(N24=0,0,AVERAGE(B24:M24)) -> 52.916667
A25: Clínica Médica | B25: 55 | C25: 70 | D25: 92 | E25: 77 | F25: 114 | G25: 72 | H25: 103 | I25: 114 | J25: 116 | K25: 101 | L25: 135 | M25: 113 | N25: =SUM(B25:M25) -> 1162 | O25: =IF(N25=0,0,AVERAGE(B25:M25)) -> 96.833333
A26: Cardiologista | B26: 107 | C26: 65 | D26: 81 | E26: 111 | F26: 106 | G26: 161 | H26: 180 | I26: 260 | J26: 260 | K26: 210 | L26: 214 | M26: 225 | N26: =SUM(B26:M26) -> 1980 | O26: =IF(N26=0,0,AVERAGE(B26:M26)) -> 165
A27: Fisiatra | B27: 174 | C27: 90 | D27: 89 | E27: 99 | F27: 123 | G27: 86 | H27: 107 | I27: 153 | J27: 137 | K27: 162 | L27: 177 | M27: 109 | N27: =SUM(B27:M27) -> 1506 | O27: =IF(N27=0,0,AVERAGE(B27:M27)) -> 125.5
A28: Geneticista | B28: 65 | C28: 46 | D28: 41 | E28: 55 | F28: 66 | G28: 57 | H28: 65 | I28: 65 | J28: 58 | K28: 108 | L28: 108 | M28: 43 | N28: =SUM(B28:M28) -> 777 | O28: =IF(N28=0,0,AVERAGE(B28:M28)) -> 64.75
A29: Neurologia Adulto | B29: 143 | C29: 103 | D29: 96 | E29: 186 | F29: 183 | G29: 219 | H29: 125 | I29: 165 | J29: 202 | K29: 188 | L29: 123 | M29: 177 | N29: =SUM(B29:M29) -> 1910 | O29: =IF(N29=0,0,AVERAGE(B29:M29)) -> 159.16667
A30: Neurologia Infantil | B30: 308 | C30: 246 | D30: 272 | E30: 295 | F30: 217 | G30: 103 | H30: 221 | I30: 288 | J30: 270 | K30: 277 | L30: 284 | M30: 278 | N30: =SUM(B30:M30) -> 3059 | O30: =IF(N30=0,0,AVERAGE(B30:M30)) -> 254.91667
A31: Oftalmologista | B31: 197 | C31: 400 | D31: 170 | E31: 193 | F31: 165 | G31: 125 | H31: 167 | I31: 258 | J31: 292 | K31: 344 | L31: 360 | M31: 345 | N31: =SUM(B31:M31) -> 3016 | O31: =IF(N31=0,0,AVERAGE(B31:M31)) -> 251.33333
A32: Ortopedista | B32: 378 | C32: 151 | D32: 122 | E32: 172 | F32: 268 | G32: 181 | H32: 276 | I32: 526 | J32: 332 | K32: 336 | L32: 252 | M32: 222 | N32: =SUM(B32:M32) -> 3216 | O32: =IF(N32=0,0,AVERAGE(B32:M32)) -> 268
A33: Otorrinolaringologista | B33: 497 | C33: 202 | D33: 184 | E33: 244 | F33: 252 | G33: 198 | H33: 336 | I33: 289 | J33: 366 | K33: 360 | L33: 371 | M33: 313 | N33: =SUM(B33:M33) -> 3612 | O33: =IF(N33=0,0,AVERAGE(B33:M33)) -> 301
A34: Urologista | B34: 50 | C34: 53 | D34: 54 | E34: 34 | F34: 89 | G34: 61 | H34: 109 | I34: 95 | J34: 148 | K34: 71 | L34: 110 | M34: 78 | N34: =SUM(B34:M34) -> 952 | O34: =IF(N34=0,0,AVERAGE(B34:M34)) -> 79.333333
A35: Proctogastroenterologia | B35: 23 | C35: 10 | D35: 23 | E35: 12 | F35: 41 | G35: 21 | H35: 30 | I35: 57 | J35: 36 | K35: 47 | L35: 98 | M35: 92 | N35: =SUM(B35:M35) -> 490 | O35: =IF(N35=0,0,AVERAGE(B35:M35)) -> 40.833333
A36: Psiquiatra | B36: 105 | C36: 122 | D36: 87 | E36: 99 | F36: 109 | G36: 132 | H36: 109 | I36: 95 | J36: 149 | K36: 187 | L36: 179 | M36: 177 | N36: =SUM(B36:M36) -> 1550 | O36: =IF(N36=0,0,AVERAGE(B36:M36)) -> 129.16667
A37: Cirurgião Dentista Esp. Necessidades Especiais | B37: 89 | C37: 172 | D37: 212 | E37: 499 | F37: 1117 | G37: =G95 -> 771 | H37: =H95 -> 1191 | I37: =I95 -> 1035 | J37: =J95 -> 883 | K37: =K95 -> 1119 | L37: =L95 -> 1089 | M37: =M95 -> 721 | N37: =SUM(B37:M37) -> 8898 | O37: =IF(N37=0,0,AVERAGE(B37:M37)) -> 741.5
A38: Cirurgião Dentista Esp. Endodontia | B38: 62 | C38: 203 | D38: 83 | E38: 80 | F38: 80 | G38: =G97 -> 25 | H38: =H97 -> 38 | I38: =I97 -> 23 | J38: =J97 -> 30 | K38: =K97 -> 56 | L38: =L97 -> 168 | M38: =M97 -> 108 | N38: =SUM(B38:M38) -> 956 | O38: =IF(N38=0,0,AVERAGE(B38:M38)) -> 79.666667
A39: Cirurgião Dentista Esp. Periodontia | B39: 49 | C39: 59 | D39: 218 | E39: 393 | F39: 283 | G39: =G96 -> 232 | H39: =H96 -> 481 | I39: =I96 -> 524 | J39: =J96 -> 469 | K39: =K96 -> 432 | L39: =L96 -> 525 | M39: =M96 -> 430 | N39: =SUM(B39:M39) -> 4095 | O39: =IF(N39=0,0,AVERAGE(B39:M39)) -> 341.25
A40: Cirurgião Dentista Esp. Buco Maxilo Facial | B40: 8 | C40: 105 | E40: 52 | F40: 150 | G40: =G98 -> 99 | H40: =H98 -> 208 | I40: =I98 -> 213 | J40: =J98 -> 123 | K40: =K98 -> 180 | L40: =L98 -> 184 | M40: =M98 -> 98 | N40: =SUM(B40:M40) -> 1420 | O40: =IF(N40=0,0,AVERAGE(B40:M40)) -> 129.09091
A41: Cirurgião Dentista Esp. Estomatologia | L41: =L99 -> 7 | M41: =M99 -> 8 | N41: =SUM(B41:M41) -> 15 | O41: =IF(N41=0,0,AVERAGE(B41:M41)) -> 7.5
A42: Fisioterapia | B42: 4361 | C42: 4724 | D42: 4255 | E42: 4985 | F42: 4961 | G42: 6028 | H42: 7519 | I42: =6343+74 -> 6417 | J42: 5452 | K42: 3375 | L42: 2595 | M42: 3369 | N42: =SUM(B42:M42) -> 58041 | O42: =IF(N42=0,0,AVERAGE(B42:M42)) -> 4836.75
A43: Terapia Ocupacional | B43: 1674 | C43: 1794 | D43: 1650 | E43: 1635 | F43: 2356 | G43: 2423 | H43: 2556 | I43: =2545+58 -> 2603 | J43: 2545 | K43: 3480 | L43: 2905 | M43: 2817 | N43: =SUM(B43:M43) -> 28438 | O43: =IF(N43=0,0,AVERAGE(B43:M43)) -> 2369.8333
A44: Fonoaudiologia | B44: 558 | C44: 514 | D44: 531 | E44: 1099 | F44: 1574 | G44: 1591 | H44: 1391 | I44: 1775 | J44: 1990 | K44: 1933 | L44: 2325 | M44: 1925 | N44: =SUM(B44:M44) -> 17206 | O44: =IF(N44=0,0,AVERAGE(B44:M44)) -> 1433.8333
A45: Enfermagem | B45: 99 | C45: 58 | D45: 36 | E45: 28 | F45: 102 | G45: 90 | H45: 132 | I45: 72 | J45: 96 | K45: 105 | L45: 159 | M45: 96 | N45: =SUM(B45:M45) -> 1073 | O45: =IF(N45=0,0,AVERAGE(B45:M45)) -> 89.416667
A46: Nutrição | B46: 151 | C46: 54 | D46: 73 | E46: 116 | F46: 118 | G46: 93 | H46: 135 | I46: 144 | J46: 149 | K46: 198 | L46: 212 | M46: 261 | N46: =SUM(B46:M46) -> 1704 | O46: =IF(N46=0,0,AVERAGE(B46:M46)) -> 142
A47: Pedagogia/Psicopedagogia | B47: 376 | C47: 326 | D47: 294 | E47: 327 | F47: 335 | G47: 261 | H47: 263 | I47: 216 | J47: 313 | K47: 382 | L47: 321 | M47: 496 | N47: =SUM(B47:M47) -> 3910 | O47: =IF(N47=0,0,AVERAGE(B47:M47)) -> 325.83333
A48: Psicologia | B48: 655 | C48: 649 | D48: 613 | E48: 705 | F48: 717 | G48: 609 | H48: 615 | I48: 584 | J48: 659 | K48: 937 | L48: 801 | M48: 1140 | N48: =SUM(B48:M48) -> 8684 | O48: =IF(N48=0,0,AVERAGE(B48:M48)) -> 723.66667
A49: Educação Física | B49: 968 | C49: 1064 | D49: 1011 | E49: 958 | F49: 901 | G49: 854 | H49: 926 | I49: 1120 | J49: 1180 | K49: 1669 | L49: 441 | M49: 525 | N49: =SUM(B49:M49) -> 11617 | O49: =IF(N49=0,0,AVERAGE(B49:M49)) -> 968.08333
A50: Pediatria | B50: 30 | C50: 36 | D50: 36 | E50: 47 | F50: 81 | G50: 56 | H50: 93 | I50: 97 | J50: 35 | K50: 99 | L50: 103 | M50: 71 | N50: =SUM(B50:M50) -> 784 | O50: =IF(N50=0,0,AVERAGE(B50:M50)) -> 65.333333
A51: Reumatologia | C51: 2 | D51: 5 | E51: 3 | F51: 2 | G51: 5 | H51: 8 | I51: 9 | J51: 13 | K51: 12 | L51: 73 | M51: 48 | N51: =SUM(B51:M51) -> 180 | O51: =IF(N51=0,0,AVERAGE(B51:M51)) -> 16.363636
A52: Endocrinologia | B52: 12 | C52: 11 | D52: 16 | E52: 18 | F52: 27 | G52: 23 | H52: 31 | I52: 28 | J52: 29 | K52: 35 | L52: 50 | M52: 48 | N52: =SUM(B52:M52) -> 328 | O52: =IF(N52=0,0,AVERAGE(B52:M52)) -> 27.333333
A53: Ortopedia Pediátrica | B53: 52 | C53: 114 | D53: 120 | E53: 132 | F53: 205 | G53: 148 | H53: 135 | I53: 71 | J53: 307 | K53: 249 | L53: 299 | M53: 231 | N53: =SUM(B53:M53) -> 2063 | O53: =IF(N53=0,0,AVERAGE(B53:M53)) -> 171.91667
A54: Musicoterapeuta | B54: 285 | C54: 270 | D54: 232 | E54: 310 | F54: 281 | G54: 226 | H54: 232 | I54: 217 | J54: 225 | K54: 288 | L54: 233 | M54: 282 | N54: =SUM(B54:M54) -> 3081 | O54: =IF(N54=0,0,AVERAGE(B54:M54)) -> 256.75
A55: Prótese Buco-Maxilo-Facial | H55: 2 | I55: 4 | L55: 3 | N55: =SUM(B55:M55) -> 9 | O55: =IF(N55=0,0,AVERAGE(B55:M55)) -> 3
A56: Total | B56: =IF(SUM(B24:B55)=0,"",SUM(B24:B55)) -> 11548 | C56: =IF(SUM(C24:C55)=0,"",SUM(C24:C55)) -> 11733 | D56: =IF(SUM(D24:D55)=0,"",SUM(D24:D55)) -> 10726 | E56: =IF(SUM(E24:E55)=0,"",SUM(E24:E55)) -> 13018 | F56: =IF(SUM(F24:F55)=0,"",SUM(F24:F55)) -> 15092 | G56: =IF(SUM(G24:G55)=0,"",SUM(G24:G55)) -> 15006 | H56: =IF(SUM(H24:H55)=0,"",SUM(H24:H55)) -> 17838 | I56: =IF(SUM(I24:I55)=0,"",SUM(I24:I55)) -> 17571 | ... M56: =IF(SUM(M24:M55)=0,"",SUM(M24:M55)) -> 14906 | N56: =SUM(B56:M56) -> 176367 | O56: =IF(N56=0,0,AVERAGE(B56:M56)) -> 14697.25
A58: 1.4. Nº de Avaliação Global
A59: Auditiva | B59: 13 | C59: 16 | D59: 7 | E59: 10 | F59: 16 | G59: 12 | H59: 24 | I59: 26 | J59: 14 | K59: 37 | L59: 28 | M59: 9 | N59: =SUM(B59:M59) -> 212 | O59: =IF(N59=0,0,AVERAGE(B59:M59)) -> 17.666667
A60: Física | B60: 25 | C60: 4 | D60: 7 | E60: 4 | F60: 5 | G60: 8 | H60: 45 | I60: 58 | J60: 17 | K60: 10 | L60: 3 | M60: 2 | N60: =SUM(B60:M60) -> 188 | O60: =IF(N60=0,0,AVERAGE(B60:M60)) -> 15.666667
A61: Intelectual | B61: 24 | C61: 3 | D61: 5 | E61: 7 | F61: 4 | G61: 5 | H61: 3 | I61: 7 | J61: 4 | K61: 1 | L61: 3 | N61: =SUM(B61:M61) -> 66 | O61: =IF(N61=0,0,AVERAGE(B61:M61)) -> 6
A62: Visual | B62: 5 | C62: 14 | D62: 7 | E62: 10 | F62: 11 | G62: 9 | H62: 15 | I62: 14 | J62: 18 | K62: 16 | L62: 16 | M62: 7 | N62: =SUM(B62:M62) -> 142 | O62: =IF(N62=0,0,AVERAGE(B62:M62)) -> 11.833333
A63: Total | B63: =IF(SUM(B59:B62)=0,"",SUM(B59:B62)) -> 67 | C63: =IF(SUM(C59:C62)=0,"",SUM(C59:C62)) -> 37 | D63: =IF(SUM(D59:D62)=0,"",SUM(D59:D62)) -> 26 | E63: =IF(SUM(E59:E62)=0,"",SUM(E59:E62)) -> 31 | F63: =IF(SUM(F59:F62)=0,"",SUM(F59:F62)) -> 36 | G63: =IF(SUM(G59:G62)=0,"",SUM(G59:G62)) -> 34 | H63: =IF(SUM(H59:H62)=0,"",SUM(H59:H62)) -> 87 | I63: =IF(SUM(I59:I62)=0,"",SUM(I59:I62)) -> 105 | ... M63: =IF(SUM(M59:M62)=0,"",SUM(M59:M62)) -> 18 | N63: =SUM(N59:N62) -> 608 | O63: =SUM(O59:O62) -> 51.166667
A65: 1.5. N° de Usuários em Reabilitação
A66: Auditiva | B66: 14 | C66: 14 | D66: 14 | E66: 15 | F66: 16 | G66: 25 | H66: 29 | I66: =H66+I73 -> 31 | J66: 30 | K66: 49 | L66: 65 | M66: 70 | N66: =SUM(B66:M66) -> 372 | O66: =IF(N66=0,0,AVERAGE(B66:M66)) -> 31
A67: Física | B67: 110 | C67: 110 | D67: 110 | E67: 117 | F67: 142 | G67: 145 | H67: 146 | I67: =H67+I74 -> 152 | J67: 218 | K67: 230 | L67: 233 | M67: 234 | N67: =SUM(B67:M67) -> 1947 | O67: =IF(N67=0,0,AVERAGE(B67:M67)) -> 162.25
A68: Intelectual | B68: 153 | C68: 154 | D68: 154 | E68: 163 | F68: 182 | G68: 186 | H68: 185 | I68: =H68+I75 -> 189 | J68: 197 | K68: 233 | L68: 235 | M68: 235 | N68: =SUM(B68:M68) -> 2266 | O68: =IF(N68=0,0,AVERAGE(B68:M68)) -> 188.83333
A69: Visual | C69: 2 | D69: 6 | E69: 21 | F69: 22 | G69: 27 | H69: 34 | I69: =H69+I76 -> 37 | J69: 63 | K69: 71 | L69: 75 | M69: 78 | N69: =SUM(B69:M69) -> 436 | O69: =IF(N69=0,0,AVERAGE(B69:M69)) -> 39.636364
A70: Total | B70: =IF(SUM(B66:B69)=0,"",SUM(B66:B69)) -> 277 | C70: =IF(SUM(C66:C69)=0,"",SUM(C66:C69)) -> 280 | D70: =IF(SUM(D66:D69)=0,"",SUM(D66:D69)) -> 284 | E70: =IF(SUM(E66:E69)=0,"",SUM(E66:E69)) -> 316 | F70: =IF(SUM(F66:F69)=0,"",SUM(F66:F69)) -> 362 | G70: =IF(SUM(G66:G69)=0,"",SUM(G66:G69)) -> 383 | H70: =IF(SUM(H66:H69)=0,"",SUM(H66:H69)) -> 394 | I70: =IF(SUM(I66:I69)=0,"",SUM(I66:I69)) -> 409 | ... M70: =IF(SUM(M66:M69)=0,"",SUM(M66:M69)) -> 617 | N70: =SUM(N66:N69) -> 5021 | O70: =SUM(O66:O69) -> 421.7197
A72: 1.6. N° de Novos Usuários em Reabilitação
A73: Auditiva | B73: 1 | E73: 1 | F73: 1 | G73: 9 | H73: 4 | I73: 2 | K73: 19 | L73: 16 | M73: 5 | N73: =SUM(B73:M73) -> 58 | O73: =IF(N73=0,0,AVERAGE(B73:M73)) -> 6.4444444
A74: Física | B74: 29 | E74: 7 | F74: 27 | G74: 3 | H74: 1 | I74: 6 | J74: 66 | K74: 12 | L74: 3 | M74: 1 | N74: =SUM(B74:M74) -> 155 | O74: =IF(N74=0,0,AVERAGE(B74:M74)) -> 15.5
A75: Intelectual | B75: 36 | C75: 1 | E75: 9 | F75: 19 | G75: 4 | I75: 4 | J75: 8 | K75: 36 | L75: 2 | N75: =SUM(B75:M75) -> 119 | O75: =IF(N75=0,0,AVERAGE(B75:M75)) -> 13.222222
A76: Visual | C76: 2 | D76: 4 | E76: 15 | F76: 1 | G76: 5 | H76: 7 | I76: 3 | J76: 26 | K76: 8 | L76: 4 | M76: 3 | N76: =SUM(B76:M76) -> 78 | O76: =IF(N76=0,0,AVERAGE(B76:M76)) -> 7.0909091
A77: Total | B77: =IF(SUM(B73:B76)=0,"",SUM(B73:B76)) -> 66 | C77: =IF(SUM(C73:C76)=0,"",SUM(C73:C76)) -> 3 | D77: =IF(SUM(D73:D76)=0,"",SUM(D73:D76)) -> 4 | E77: =IF(SUM(E73:E76)=0,"",SUM(E73:E76)) -> 32 | F77: =IF(SUM(F73:F76)=0,"",SUM(F73:F76)) -> 48 | G77: =IF(SUM(G73:G76)=0,"",SUM(G73:G76)) -> 21 | H77: =IF(SUM(H73:H76)=0,"",SUM(H73:H76)) -> 12 | I77: =IF(SUM(I73:I76)=0,"",SUM(I73:I76)) -> 15 | ... M77: =IF(SUM(M73:M76)=0,"",SUM(M73:M76)) -> 9 | N77: =SUM(N73:N76) -> 410 | O77: =SUM(O73:O76) -> 42.257576
A79: 1.7. Nº de Usuários com Alta na Reabilitação
A80: Auditiva | N80: =SUM(B80:M80) -> 0 | O80: =IF(N80=0,0,AVERAGE(B80:M80)) -> 0
A81: Física | B81: 3 | F81: 2 | H81: 2 | I81: 2 | N81: =SUM(B81:M81) -> 9 | O81: =IF(N81=0,0,AVERAGE(B81:M81)) -> 2.25
A82: Intelectual | B82: 4 | N82: =SUM(B82:M82) -> 4 | O82: =IF(N82=0,0,AVERAGE(B82:M82)) -> 4
A83: Visual | J83: 1 | N83: =SUM(B83:M83) -> 1 | O83: =IF(N83=0,0,AVERAGE(B83:M83)) -> 1
A84: Total | B84: =IF(SUM(B80:B83)=0,"",SUM(B80:B83)) -> 7 | C84: =IF(SUM(C80:C83)=0,"",SUM(C80:C83)) | D84: =IF(SUM(D80:D83)=0,"",SUM(D80:D83)) | E84: =IF(SUM(E80:E83)=0,"",SUM(E80:E83)) | F84: =IF(SUM(F80:F83)=0,"",SUM(F80:F83)) -> 2 | G84: =IF(SUM(G80:G83)=0,"",SUM(G80:G83)) | H84: =IF(SUM(H80:H83)=0,"",SUM(H80:H83)) -> 2 | I84: =IF(SUM(I80:I83)=0,"",SUM(I80:I83)) -> 2 | ... M84: =IF(SUM(M80:M83)=0,"",SUM(M80:M83)) | N84: =SUM(N80:N83) -> 14 | O84: =SUM(O80:O83) -> 7.25
A86: 1.8. Nº de Usuários em Atendimento Odontológico
A87: Atendimentos Básicos | B87: 85 | C87: 147 | D87: 180 | E87: 97 | F87: 87 | G87: 104 | H87: 109 | I87: 98 | J87: 108 | K87: 118 | L87: 160 | M87: 108 | N87: =SUM(B87:M87) -> 1401 | O87: =IF(N87=0,0,AVERAGE(B87:M87)) -> 116.75
A88: Procedimentos de Periodontia | B88: 49 | C88: 67 | D88: 67 | E88: 97 | F88: 84 | G88: 83 | H88: 117 | I88: 98 | J88: 95 | K88: 105 | L88: 114 | M88: 86 | N88: =SUM(B88:M88) -> 1062 | O88: =IF(N88=0,0,AVERAGE(B88:M88)) -> 88.5
A89: Procedimentos de Endodontia | B89: 31 | C89: 70 | D89: 89 | E89: 81 | F89: 80 | G89: 82 | H89: 104 | I89: 83 | J89: 96 | K89: 112 | L89: 109 | M89: 78 | N89: =SUM(B89:M89) -> 1015 | O89: =IF(N89=0,0,AVERAGE(B89:M89)) -> 84.583333
A90: Procedimentos de Cirurgia Oral | B90: 4 | C90: 68 | D90: 53 | E90: 32 | F90: 38 | G90: 32 | H90: 33 | I90: 75 | J90: 29 | K90: 26 | L90: 30 | M90: 13 | N90: =SUM(B90:M90) -> 433 | O90: =IF(N90=0,0,AVERAGE(B90:M90)) -> 36.083333
A91: Procedimentos de Estomatologia | N91: =SUM(B91:M91) -> 0 | O91: =IF(N91=0,0,AVERAGE(B91:M91)) -> 0
A92: Total | B92: =SUM(B87:B90) -> 169 | C92: =IF(SUM(C87:C90)=0,"",SUM(C87:C90)) -> 352 | D92: =IF(SUM(D87:D90)=0,"",SUM(D87:D90)) -> 389 | E92: =IF(SUM(E87:E90)=0,"",SUM(E87:E90)) -> 307 | F92: =IF(SUM(F87:F90)=0,"",SUM(F87:F90)) -> 289 | G92: =IF(SUM(G87:G90)=0,"",SUM(G87:G90)) -> 301 | H92: =IF(SUM(H87:H90)=0,"",SUM(H87:H90)) -> 363 | I92: =IF(SUM(I87:I90)=0,"",SUM(I87:I90)) -> 354 | J92: =IF(SUM(J87:J90)=0,"",SUM(J87:J90)) -> 328 | K92: =IF(SUM(K87:K90)=0,"",SUM(K87:K90)) -> 361 | L92: =IF(SUM(L87:L91)=0,"",SUM(L87:L91)) -> 413 | M92: =IF(SUM(M87:M90)=0,"",SUM(M87:M90)) -> 285 | N92: =SUM(N87:N90) -> 3911 | O92: =SUM(O87:O90) -> 325.91667
A94: 1.9 Nº de Procedimentos Odontologia (CEO II)
A95: Procedimentos Básicos | B95: 89 | C95: 172 | D95: 212 | E95: 499 | F95: 1117 | G95: 771 | H95: 1191 | I95: 1035 | J95: 883 | K95: 1119 | L95: 1089 | M95: 721 | N95: =SUM(B95:M95) -> 8898 | O95: =IF(N95=0,0,AVERAGE(B95:M95)) -> 741.5
A96: Procedimentos de Periodontia | B96: 62 | C96: 203 | D96: 218 | E96: 393 | F96: 283 | G96: 232 | H96: 481 | I96: 524 | J96: 469 | K96: 432 | L96: 525 | M96: 430 | N96: =SUM(B96:M96) -> 4252 | O96: =IF(N96=0,0,AVERAGE(B96:M96)) -> 354.33333
A97: Procedimentos de Endodontia | B97: 49 | C97: 59 | D97: 83 | E97: 48 | F97: 26 | G97: 25 | H97: 38 | I97: 23 | J97: 30 | K97: 56 | L97: 168 | M97: 108 | N97: =SUM(B97:M97) -> 713 | O97: =IF(N97=0,0,AVERAGE(B97:M97)) -> 59.416667
A98: Procedimentos de Cirurgia Oral | B98: 8 | C98: 105 | D98: 92 | E98: 52 | F98: 150 | G98: 99 | H98: 208 | I98: 213 | J98: 123 | K98: 180 | L98: 184 | M98: 98 | N98: =SUM(B98:M98) -> 1512 | O98: =IF(N98=0,0,AVERAGE(B98:M98)) -> 126
A99: Procedimentos de Estomatologia | L99: 7 | M99: 8 | N99: =SUM(B99:M99) -> 15 | O99: =IF(N99=0,0,AVERAGE(B99:M99)) -> 7.5
A100: Total | B100: =SUM(B95:B98) -> 208 | C100: =IF(SUM(C95:C98)=0,"",SUM(C95:C98)) -> 539 | D100: =IF(SUM(D95:D98)=0,"",SUM(D95:D98)) -> 605 | E100: =IF(SUM(E95:E98)=0,"",SUM(E95:E98)) -> 992 | F100: =IF(SUM(F95:F98)=0,"",SUM(F95:F98)) -> 1576 | G100: =IF(SUM(G95:G98)=0,"",SUM(G95:G98)) -> 1127 | H100: =IF(SUM(H95:H98)=0,"",SUM(H95:H98)) -> 1918 | I100: =IF(SUM(I95:I98)=0,"",SUM(I95:I98)) -> 1795 | J100: =IF(SUM(J95:J98)=0,"",SUM(J95:J98)) -> 1505 | K100: =IF(SUM(K95:K98)=0,"",SUM(K95:K98)) -> 1787 | L100: =IF(SUM(L95:L99)=0,"",SUM(L95:L99)) -> 1973 | M100: =IF(SUM(M95:M99)=0,"",SUM(M95:M99)) -> 1365 | N100: =SUM(N95:N98) -> 15375 | O100: =SUM(O95:O98) -> 1281.25
A102: 1.10 . Estatística da Oficina
A103: Nº Atendimentos em Fisioterapia | B103: 51 | C103: 51 | D103: 51 | E103: 46 | F103: 61 | G103: 65 | H103: 57 | I103: 74 | J103: 89 | K103: 58 | L103: 111 | M103: 91 | N103: =SUM(B103:M103) -> 805 | O103: =IF(N103=0,0,AVERAGE(B103:M103)) -> 67.083333
A104: Nº Atendimentos em Terapia Ocupacional | B104: 33 | C104: 39 | D104: 42 | E104: 46 | F104: 65 | G104: 46 | H104: 35 | I104: 58 | J104: 77 | K104: 103 | L104: 114 | M104: 80 | N104: =SUM(B104:M104) -> 738 | O104: =IF(N104=0,0,AVERAGE(B104:M104)) -> 61.5
A105: Nº de Dispensações de OPM's | C105: 32 | D105: 41 | E105: 38 | F105: 131 | G105: 84 | H105: 104 | I105: 142 | J105: 142 | K105: 154 | L105: 352 | M105: 411 | N105: =SUM(B105:M105) -> 1631 | O105: =IF(N105=0,0,AVERAGE(B105:M105)) -> 148.27273
A106: Total | B106: =SUM(B103:B105) -> 84 | C106: =SUM(C103:C105) -> 122 | D106: =SUM(D103:D105) -> 134 | E106: =SUM(E103:E105) -> 130 | F106: =SUM(F103:F105) -> 257 | G106: =SUM(G103:G105) -> 195 | H106: =SUM(H103:H105) -> 196 | I106: =SUM(I103:I105) -> 274 | ... M106: =SUM(M103:M105) -> 582 | N106: =SUM(B106:M106) -> 3174 | O106: =IF(N106=0,0,AVERAGE(B106:M106)) -> 264.5
A108: 1.11. Nº de Usuários por Sexo
A109: Masculino | B109: 1185 | C109: 2319 | D109: 2592 | E109: 2654 | F109: 3693 | G109: 3528 | H109: 3986 | I109: 4407 | J109: 4766 | K109: 4962 | L109: 4885 | M109: 4198 | N109: =SUM(B109:M109) -> 43175 | O109: =IF(N109=0,0,AVERAGE(B109:M109)) -> 3597.9167
A110: Feminino | B110: 2092 | C110: 1414 | D110: 1339 | E110: 1758 | F110: 2433 | G110: 2300 | H110: 2550 | I110: 3066 | J110: 3274 | K110: 3650 | L110: 3794 | M110: 3604 | N110: =SUM(B110:M110) -> 31274 | O110: =IF(N110=0,0,AVERAGE(B110:M110)) -> 2606.1667
A111: Total | B111: =SUM(B109:B110) -> 3277 | C111: =SUM(C109:C110) -> 3733 | D111: =SUM(D109:D110) -> 3931 | E111: =SUM(E109:E110) -> 4412 | F111: =SUM(F109:F110) -> 6126 | G111: =SUM(G109:G110) -> 5828 | H111: =SUM(H109:H110) -> 6536 | I111: =SUM(I109:I110) -> 7473 | ... O111: =SUM(O109:O110) -> 6204.0833
...

Sheet Planilha2
A1: 1.16. Absenteísmo por Município
A2: Acara | B2: 1 | C2: 1 | D2: 1 | E2: 1 | N2: =SUM(B2:M2) -> 4 | O2: =IF(N2=0,0,AVERAGE(B2:M2)) -> 1
A3: Ananindeua | B3: 287 | C3: 301 | D3: 650 | E3: 9 | N3: =SUM(B3:M3) -> 1247 | O3: =IF(N3=0,0,AVERAGE(B3:M3)) -> 311.75
A4: Anajas | B4: 2 | C4: 8 | D4: 5 | E4: 3 | N4: =SUM(B4:M4) -> 18 | O4: =IF(N4=0,0,AVERAGE(B4:M4)) -> 4.5
A5: Bagre | B5: 2 | C5: 2 | D5: 7 | E5: 2 | N5: =SUM(B5:M5) -> 13 | O5: =IF(N5=0,0,AVERAGE(B5:M5)) -> 3.25
A6: Belém | B6: 585 | C6: 800 | D6: 465 | E6: 294 | N6: =SUM(B6:M6) -> 2144 | O6: =IF(N6=0,0,AVERAGE(B6:M6)) -> 536
A7: Benevides | B7: 40 | C7: 35 | D7: 45 | E7: 10 | N7: =SUM(B7:M7) -> 130 | O7: =IF(N7=0,0,AVERAGE(B7:M7)) -> 32.5
A8: Barcarena | B8: 6 | C8: 10 | D8: 15 | E8: 28 | N8: =SUM(B8:M8) -> 59 | O8: =IF(N8=0,0,AVERAGE(B8:M8)) -> 14.75
A9: Bujaru | B9: 1 | C9: 1 | D9: 13 | N9: =SUM(B9:M9) -> 15 | O9: =IF(N9=0,0,AVERAGE(B9:M9)) -> 5
A10: Bom Jesus do Tocantis | B10: 1 | C10: 1 | D10: 3 | E10: 2 | N10: =SUM(B10:M10) -> 7 | O10: =IF(N10=0,0,AVERAGE(B10:M10)) -> 1.75
A11: Cametá | B11: 9 | C11: 25 | D11: 12 | E11: 5 | N11: =SUM(B11:M11) -> 51 | O11: =IF(N11=0,0,AVERAGE(B11:M11)) -> 12.75
A12: Capanema | B12: 4 | C12: 3 | D12: 2 | E12: 2 | N12: =SUM(B12:M12) -> 11 | O12: =IF(N12=0,0,AVERAGE(B12:M12)) -> 2.75
A13: Castanhal | B13: 8 | C13: 6 | D13: 14 | E13: 9 | N13: =SUM(B13:M13) -> 37 | O13: =IF(N13=0,0,AVERAGE(B13:M13)) -> 9.25
A14: Colares | B14: 25 | C14: 14 | D14: 30 | E14: 40 | N14: =SUM(B14:M14) -> 109 | O14: =IF(N14=0,0,AVERAGE(B14:M14)) -> 27.25
A15: Curralinho | B15: 2 | C15: 3 | D15: 2 | E15: 2 | N15: =SUM(B15:M15) -> 9 | O15: =IF(N15=0,0,AVERAGE(B15:M15)) -> 2.25
A16: Igarapé Açu | B16: 2 | C16: 5 | D16: 7 | E16: 8 | N16: =SUM(B16:M16) -> 22 | O16: =IF(N16=0,0,AVERAGE(B16:M16)) -> 5.5
A17: Igarapé Mirim | B17: 2 | C17: 5 | D17: 13 | E17: 8 | N17: =SUM(B17:M17) -> 28 | O17: =IF(N17=0,0,AVERAGE(B17:M17)) -> 7
A18: Inhangapi | B18: 4 | C18: 2 | D18: 6 | E18: 5 | N18: =SUM(B18:M18) -> 17 | O18: =IF(N18=0,0,AVERAGE(B18:M18)) -> 4.25
A19: Irituia | B19: 3 | C19: 3 | D19: 5 | E19: 4 | N19: =SUM(B19:M19) -> 15 | O19: =IF(N19=0,0,AVERAGE(B19:M19)) -> 3.75
A20: Limoeiro do Ajuru | B20: 2 | C20: 2 | D20: 7 | E20: 9 | N20: =SUM(B20:M20) -> 20 | O20: =IF(N20=0,0,AVERAGE(B20:M20)) -> 5
A21: Medicilândia | B21: 2 | C21: 1 | D21: 1 | N21: =SUM(B21:M21) -> 4 | O21: =IF(N21=0,0,AVERAGE(B21:M21)) -> 1.3333333
A22: Marituba | B22: 5 | C22: 5 | D22: 8 | E22: 2 | N22: =SUM(B22:M22) -> 20 | O22: =IF(N22=0,0,AVERAGE(B22:M22)) -> 5
A23: Maracanã | B23: 6 | C23: 5 | D23: 3 | E23: 4 | N23: =SUM(B23:M23) -> 18 | O23: =IF(N23=0,0,AVERAGE(B23:M23)) -> 4.5
A24: Mãe do Rio | B24: 2 | C24: 5 | D24: 3 | E24: 3 | N24: =SUM(B24:M24) -> 13 | O24: =IF(N24=0,0,AVERAGE(B24:M24)) -> 3.25
A25: Muaná | B25: 1 | C25: 2 | D25: 4 | N25: =SUM(B25:M25) -> 7 | O25: =IF(N25=0,0,AVERAGE(B25:M25)) -> 2.3333333
A26: Nova Esperança Piria | B26: 1 | C26: 2 | D26: 5 | E26: 4 | N26: =SUM(B26:M26) -> 12 | O26: =IF(N26=0,0,AVERAGE(B26:M26)) -> 3
A27: Novo Repartimento | B27: 5 | C27: 2 | D27: 2 | E27: 1 | N27: =SUM(B27:M27) -> 10 | O27: =IF(N27=0,0,AVERAGE(B27:M27)) -> 2.5
A28: Nova Timboteua | B28: 1 | C28: 2 | D28: 5 | E28: 1 | N28: =SUM(B28:M28) -> 9 | O28: =IF(N28=0,0,AVERAGE(B28:M28)) -> 2.25
A29: Ponta de Pedras | B29: 3 | C29: 2 | D29: 6 | E29: 6 | N29: =SUM(B29:M29) -> 17 | O29: =IF(N29=0,0,AVERAGE(B29:M29)) -> 4.25
A30: Paraupebas | B30: 1 | C30: 3 | D30: 5 | E30: 8 | N30: =SUM(B30:M30) -> 17 | O30: =IF(N30=0,0,AVERAGE(B30:M30)) -> 4.25
A31: Peixe Boi | B31: 2 | C31: 1 | D31: 3 | E31: 1 | N31: =SUM(B31:M31) -> 7 | O31: =IF(N31=0,0,AVERAGE(B31:M31)) -> 1.75
A32: Quatipuru | B32: 1 | C32: 1 | D32: 4 | E32: 1 | N32: =SUM(B32:M32) -> 7 | O32: =IF(N32=0,0,AVERAGE(B32:M32)) -> 1.75
A33: Redenção | B33: 1 | C33: 2 | D33: 4 | N33: =SUM(B33:M33) -> 7 | O33: =IF(N33=0,0,AVERAGE(B33:M33)) -> 2.3333333
A34: Santa Luzia do Para | B34: 4 | C34: 10 | D34: 3 | E34: 6 | N34: =SUM(B34:M34) -> 23 | O34: =IF(N34=0,0,AVERAGE(B34:M34)) -> 5.75
A35: Santa Maria do Para | B35: 5 | C35: 10 | D35: 17 | E35: 9 | N35: =SUM(B35:M35) -> 41 | O35: =IF(N35=0,0,AVERAGE(B35:M35)) -> 10.25
A36: São Miguel do Guamá | B36: 5 | C36: 6 | D36: 10 | E36: 13 | N36: =SUM(B36:M36) -> 34 | O36: =IF(N36=0,0,AVERAGE(B36:M36)) -> 8.5
A37: São Sebastião da Boa Vista | B37: 15 | C37: 20 | D37: 16 | E37: 18 | N37: =SUM(B37:M37) -> 69 | O37: =IF(N37=0,0,AVERAGE(B37:M37)) -> 17.25
A38: Santa Cruz do Arari | B38: 1 | C38: 2 | D38: 2 | N38: =SUM(B38:M38) -> 5 | O38: =IF(N38=0,0,AVERAGE(B38:M38)) -> 1.6666667
A39: Santa Izabel | B39: 2 | C39: 7 | D39: 3 | E39: 10 | N39: =SUM(B39:M39) -> 22 | O39: =IF(N39=0,0,AVERAGE(B39:M39)) -> 5.5
A40: Santo Antônio do taua | B40: 2 | C40: 6 | D40: 9 | E40: 6 | N40: =SUM(B40:M40) -> 23 | O40: =IF(N40=0,0,AVERAGE(B40:M40)) -> 5.75
A41: Tailândia | B41: 1 | C41: 1 | D41: 1 | E41: 1 | N41: =SUM(B41:M41) -> 4 | O41: =IF(N41=0,0,AVERAGE(B41:M41)) -> 1
A42: Tome- Açu | B42: 4 | C42: 5 | D42: 3 | E42: 3 | N42: =SUM(B42:M42) -> 15 | O42: =IF(N42=0,0,AVERAGE(B42:M42)) -> 3.75
A43: Ulianópolis | B43: 2 | C43: 6 | D43: 11 | E43: 27 | N43: =SUM(B43:M43) -> 46 | O43: =IF(N43=0,0,AVERAGE(B43:M43)) -> 11.5
A44: Vigia | B44: 1 | C44: 1 | D44: 2 | E44: 7 | N44: =SUM(B44:M44) -> 11 | O44: =IF(N44=0,0,AVERAGE(B44:M44)) -> 2.75
A45: Viseu | B45: 2 | C45: 2 | D45: 2 | E45: 10 | N45: =SUM(B45:M45) -> 16 | O45: =IF(N45=0,0,AVERAGE(B45:M45)) -> 4
A46: Outros | B46: 395 | C46: 450 | D46: 819 | E46: 367 | N46: =SUM(B46:M46) -> 2031 | O46: =IF(N46=0,0,AVERAGE(B46:M46)) -> 507.75
A47: Total | B47: =IF(SUM(B2:B46)=0,0,SUM(B2:B46)) -> 1456 | C47: =SUM(C2:C46) -> 1786 | D47: =SUM(D2:D46) -> 2253 | E47: =SUM(E2:E46) -> 949 | N47: =SUM(N2:N46) -> 6444 | O47: =IF(N47=0,0,AVERAGE(B47:M47)) -> 1611
A50: 2.1. Laboratório de Análises Clínicas
A51: Bioquímica | N51: =SUM(B51:M51) -> 0 | O51: =IF(N51=0,0,AVERAGE(B51:M51)) -> 0
A52: Hematologia | N52: =SUM(B52:M52) -> 0 | O52: =IF(N52=0,0,AVERAGE(B52:M52)) -> 0
A53: Microbiologia | N53: =SUM(B53:M53) -> 0 | O53: =IF(N53=0,0,AVERAGE(B53:M53)) -> 0
A54: Total | B54: =SUM(B51:B53) -> 0 | C54: =SUM(C51:C53) -> 0 | D54: =SUM(D51:D53) -> 0 | E54: =SUM(E51:E53) -> 0 | F54: =SUM(F51:F53) -> 0 | G54: =SUM(G51:G53) -> 0 | H54: =SUM(H51:H53) -> 0 | I54: =SUM(I51:I53) -> 0 | ... O54: =SUM(O51:O53) -> 0
A55: Média Diária | B55: =IF(B54=0,"",B54/B269) | C55: =IF(C54=0,"",C54/C269) | D55: =IF(D54=0,"",D54/D269) | E55: =IF(E54=0,"",E54/E269) | F55: =IF(F54=0,"",F54/F269) | G55: =IF(G54=0,"",G54/G269) | H55: =IF(H54=0,"",H54/H269) | I55: =IF(I54=0,"",I54/I269) | ... M55: =IF(M54=0,"",M54/M269) | N55: =SUM(B55:M55) -> 0 | O55: =IF(N55=0,0,AVERAGE(B55:M55)) -> 0

Sheet Planilha1
A2: Centro de Custos | B2: Grupo
A3: Ambulatório Anestesiologia | B3: Ambulatório
A4: Ambulatório Clínica Médica | B4: Ambulatório
A5: Ambulatório Cardiologia | B5: Ambulatório
A6: Ambulatório Fisiatria | B6: Ambulatório
A7: Ambulatório Genética Médica | B7: Ambulatório
A8: Ambulatório Neurologia Adulto | B8: Ambulatório
A9: Ambulatório Neurologia Infantil | B9: Ambulatório
A10: Ambulatório Oftalmologia | B10: Ambulatório
A11: Ambulatório Ortopedia | B11: Ambulatório
A12: Ambulatório Otorrinolaringologia | B12: Ambulatório
A13: Ambulatório Urologia | B13: Ambulatório
... A121: Atividades Manuais | B121: Arte e Cultura

Sheet Mapa de produção sintético-2019
B1: PLANO ESTATÍSTICO 2019
A2: CENTRO INTEGRADO DE INCLUSÃO E REABILITAÇÃO - CIIR
A3: Principais dados estatísticos de 2019
A5: Itens de Avaliação | B5: 43466 | C5: 43497 | D5: 43525 | E5: 43556 | F5: 43586 | G5: 43617 | H5: 43647 | I5: 43678 | J5: 43709 | K5: 43739 | L5: 43770 | M5: 43800 | N5: Acumulado | O5: Média
A6: Nº de Consultórios e Salas | B6: ='Plano Estatístico Analitic 2019'!B13 -> 58 | C6: ='Plano Estatístico Analitic 2019'!C13 -> 58 | D6: ='Plano Estatístico Analitic 2019'!D13 -> 58 | E6: ='Plano Estatístico Analitic 2019'!E13 -> 58 | F6: ='Plano Estatístico Analitic 2019'!F13 -> 58 | G6: ='Plano Estatístico Analitic 2019'!G13 -> 58 | H6: ='Plano Estatístico Analitic 2019'!H13 -> 58 | I6: ='Plano Estatístico Analitic 2019'!I13 -> 58 | ... O6: ='Plano Estatístico Analitic 2019'!O13 -> 58
A7: Nº de Atendimentos Ambulatoriais | B7: ='Plano Estatístico Analitic 2019'!B21 -> 11548 | C7: ='Plano Estatístico Analitic 2019'!C21 -> 11733 | D7: ='Plano Estatístico Analitic 2019'!D21 -> 10726 | E7: ='Plano Estatístico Analitic 2019'!E21 -> 13018 | F7: ='Plano Estatístico Analitic 2019'!F21 -> 15092 | G7: ='Plano Estatístico Analitic 2019'!G21 -> 15006 | H7: ='Plano Estatístico Analitic 2019'!H21 -> 17838 | I7: ='Plano Estatístico Analitic 2019'!I21 -> 17571 | ... O7: ='Plano Estatístico Analitic 2019'!O21 -> 14698
A8: Nº de Avaliação Global | B8: ='Plano Estatístico Analitic 2019'!B63 -> 67 | C8: ='Plano Estatístico Analitic 2019'!C63 -> 37 | D8: ='Plano Estatístico Analitic 2019'!D63 -> 26 | E8: ='Plano Estatístico Analitic 2019'!E63 -> 31 | F8: ='Plano Estatístico Analitic 2019'!F63 -> 36 | G8: ='Plano Estatístico Analitic 2019'!G63 -> 34 | H8: ='Plano Estatístico Analitic 2019'!H63 -> 87 | I8: ='Plano Estatístico Analitic 2019'!I63 -> 105 | ... O8: ='Plano Estatístico Analitic 2019'!O63 -> 51.166667
A9: N° de Usuários em Reabilitação | B9: ='Plano Estatístico Analitic 2019'!B70 -> 277 | C9: ='Plano Estatístico Analitic 2019'!C70 -> 280 | D9: ='Plano Estatístico Analitic 2019'!D70 -> 284 | E9: ='Plano Estatístico Analitic 2019'!E70 -> 316 | F9: ='Plano Estatístico Analitic 2019'!F70 -> 362 | G9: ='Plano Estatístico Analitic 2019'!G70 -> 383 | H9: ='Plano Estatístico Analitic 2019'!H70 -> 394 | I9: ='Plano Estatístico Analitic 2019'!I70 -> 409 | ... O9: ='Plano Estatístico Analitic 2019'!O70 -> 421.7197
A10: N° de Novos Usuários em Reabilitação | B10: ='Plano Estatístico Analitic 2019'!B77 -> 66 | C10: ='Plano Estatístico Analitic 2019'!C77 -> 3 | D10: ='Plano Estatístico Analitic 2019'!D77 -> 4 | E10: ='Plano Estatístico Analitic 2019'!E77 -> 32 | F10: ='Plano Estatístico Analitic 2019'!F77 -> 48 | G10: ='Plano Estatístico Analitic 2019'!G77 -> 21 | H10: ='Plano Estatístico Analitic 2019'!H77 -> 12 | I10: ='Plano Estatístico Analitic 2019'!I77 -> 15 | ... O10: ='Plano Estatístico Analitic 2019'!O77 -> 42.257576
A11: Nº de Usuários com Alta na Reabilitação | B11: ='Plano Estatístico Analitic 2019'!B84 -> 7 | C11: ='Plano Estatístico Analitic 2019'!C84 | D11: ='Plano Estatístico Analitic 2019'!D84 | E11: ='Plano Estatístico Analitic 2019'!E84 | F11: ='Plano Estatístico Analitic 2019'!F84 -> 2 | G11: ='Plano Estatístico Analitic 2019'!G84 | H11: ='Plano Estatístico Analitic 2019'!H84 -> 2 | I11: ='Plano Estatístico Analitic 2019'!I84 -> 2 | ... O11: ='Plano Estatístico Analitic 2019'!O84 -> 7.25
A12: Nº de Usuários em Atendimento Odontológico | B12: ='Plano Estatístico Analitic 2019'!B92 -> 169 | C12: ='Plano Estatístico Analitic 2019'!C92 -> 352 | D12: ='Plano Estatístico Analitic 2019'!D92 -> 389 | E12: ='Plano Estatístico Analitic 2019'!E92 -> 307 | F12: ='Plano Estatístico Analitic 2019'!F92 -> 289 | G12: ='Plano Estatístico Analitic 2019'!G92 -> 301 | H12: ='Plano Estatístico Analitic 2019'!H92 -> 363 | I12: ='Plano Estatístico Analitic 2019'!I92 -> 354 | ... O12: ='Plano Estatístico Analitic 2019'!O92 -> 325.91667
A13: Nº de Procedimentos Odontologia (CEO II) | B13: ='Plano Estatístico Analitic 2019'!B100 -> 208 | C13: ='Plano Estatístico Analitic 2019'!C100 -> 539 | D13: ='Plano Estatístico Analitic 2019'!D100 -> 605 | E13: ='Plano Estatístico Analitic 2019'!E100 -> 992 | F13: ='Plano Estatístico Analitic 2019'!F100 -> 1576 | G13: ='Plano Estatístico Analitic 2019'!G100 -> 1127 | H13: ='Plano Estatístico Analitic 2019'!H100 -> 1918 | I13: ='Plano Estatístico Analitic 2019'!I100 -> 1795 | ... O13: ='Plano Estatístico Analitic 2019'!O100 -> 1281.25
A14: Estatística da Oficina | B14: ='Plano Estatístico Analitic 2019'!B106 -> 84 | C14: ='Plano Estatístico Analitic 2019'!C106 -> 122 | D14: ='Plano Estatístico Analitic 2019'!D106 -> 134 | E14: ='Plano Estatístico Analitic 2019'!E106 -> 130 | F14: ='Plano Estatístico Analitic 2019'!F106 -> 257 | G14: ='Plano Estatístico Analitic 2019'!G106 -> 195 | H14: ='Plano Estatístico Analitic 2019'!H106 -> 196 | I14: ='Plano Estatístico Analitic 2019'!I106 -> 274 | ... O14: ='Plano Estatístico Analitic 2019'!O106 -> 264.5
A15: Nº de Absenteísmo de Usuário | B15: ='Plano Estatístico Analitic 2019'!B175 -> 1456 | C15: ='Plano Estatístico Analitic 2019'!C175 -> 1786 | D15: ='Plano Estatístico Analitic 2019'!D175 -> 2253 | E15: ='Plano Estatístico Analitic 2019'!E175 -> 2268 | F15: ='Plano Estatístico Analitic 2019'!F175 -> 1881 | G15: ='Plano Estatístico Analitic 2019'!G175 -> 1476 | H15: ='Plano Estatístico Analitic 2019'!H175 -> 2650 | I15: ='Plano Estatístico Analitic 2019'!I175 -> 2323 | ... O15: ='Plano Estatístico Analitic 2019'!O175 -> 2325.4167
A16: Nº Atendimentos Time de Resposta Rápida (TRR) | B16: ='Plano Estatístico Analitic 2019'!B179 -> 24 | C16: ='Plano Estatístico Analitic 2019'!C179 -> 13 | D16: ='Plano Estatístico Analitic 2019'!D178 -> 11 | E16: ='Plano Estatístico Analitic 2019'!E179 -> 14 | F16: ='Plano Estatístico Analitic 2019'!F179 -> 12 | G16: ='Plano Estatístico Analitic 2019'!G179 -> 8 | H16: ='Plano Estatístico Analitic 2019'!H179 -> 7 | I16: ='Plano Estatístico Analitic 2019'!I179 -> 10 | J16: ='Plano Estatístico Analitic 2019'!J179 -> 10 | K16: ='Plano Estatístico Analitic 2019'!K179 -> 10 | L16: ='Plano Estatístico Analitic 2019'!L179 -> 13 | ... O16: ='Plano Estatístico Analitic 2019'!O179 -> 11.583333
A17: Nº Procedimentos Enfermagem | B17: ='Plano Estatístico Analitic 2019'!B183 -> 24 | C17: ='Plano Estatístico Analitic 2019'!C183 -> 19 | D17: ='Plano Estatístico Analitic 2019'!D182 -> 16 | E17: ='Plano Estatístico Analitic 2019'!E182 -> 19 | F17: ='Plano Estatístico Analitic 2019'!F182 -> 11 | G17: ='Plano Estatístico Analitic 2019'!G182 -> 19 | H17: ='Plano Estatístico Analitic 2019'!H182 -> 7 | I17: ='Plano Estatístico Analitic 2019'!I182 -> 10 | J17: ='Plano Estatístico Analitic 2019'!J182 -> 10 | K17: ='Plano Estatístico Analitic 2019'!K182 -> 14 | ... M17: ='Plano Estatístico Analitic 2019'!M182 -> 8 | N17: ='Plano Estatístico Analitic 2019'!N183 -> 172 | O17: ='Plano Estatístico Analitic 2019'!O183 -> 14.333333
A18: Total de Exames de Imagens e Métodos Gráficos | B18: ='Plano Estatístico Analitic 2019'!B204 -> 604 | C18: ='Plano Estatístico Analitic 2019'!C204 -> 772 | D18: ='Plano Estatístico Analitic 2019'!D204 -> 726 | E18: ='Plano Estatístico Analitic 2019'!E204 -> 1235 | F18: ='Plano Estatístico Analitic 2019'!F204 -> 2031 | G18: ='Plano Estatístico Analitic 2019'!G204 -> 1963 | H18: ='Plano Estatístico Analitic 2019'!H204 -> 1962 | I18: ='Plano Estatístico Analitic 2019'!I204 -> 2095 | ... O18: ='Plano Estatístico Analitic 2019'!O204 -> 1846.8333
A19: Índice de Satisfação do Usuário | B19: ='Plano Estatístico Analitic 2019'!B225 -> 0.9314 | C19: ='Plano Estatístico Analitic 2019'!C225 -> 0.933425 | D19: ='Plano Estatístico Analitic 2019'!D225 -> 0.921675 | E19: ='Plano Estatístico Analitic 2019'!E225 -> 0.937425 | F19: ='Plano Estatístico Analitic 2019'!F225 -> 0.92196 | G19: ='Plano Estatístico Analitic 2019'!G225 -> 0.9265 | H19: ='Plano Estatístico Analitic 2019'!H225 -> 0.93175 | I19: ='Plano Estatístico Analitic 2019'!I225 -> 0.91676667 | ... O19: ='Plano Estatístico Analitic 2019'!O225 -> 0.92476125
A20: Número de Atendimentos no Serviço Social | B20: ='Plano Estatístico Analitic 2019'!B232 -> 314 | C20: ='Plano Estatístico Analitic 2019'!C232 -> 333 | D20: ='Plano Estatístico Analitic 2019'!D232 -> 309 | E20: ='Plano Estatístico Analitic 2019'!E232 -> 331 | F20: ='Plano Estatístico Analitic 2019'!F232 -> 416 | G20: ='Plano Estatístico Analitic 2019'!G232 -> 339 | H20: ='Plano Estatístico Analitic 2019'!H232 -> 386 | I20: ='Plano Estatístico Analitic 2019'!I232 -> 412 | ... O20: ='Plano Estatístico Analitic 2019'!O232 -> 444.5
A21: Treinamento Hora/Homem | B21: ='Plano Estatístico Analitic 2019'!B242 -> 0.19400463 | C21: ='Plano Estatístico Analitic 2019'!C242 -> 2.38:39 | D21: ='Plano Estatístico Analitic 2019'!D242 -> 0.24121528 | E21: ='Plano Estatístico Analitic 2019'!E242 -> 0.17101852 | F21: ='Plano Estatístico Analitic 2019'!F242 -> 0.33346065 | G21: ='Plano Estatístico Analitic 2019'!G242 -> 0.26663194 | H21: ='Plano Estatístico Analitic 2019'!H242 -> 0.2419213 | I21: ='Plano Estatístico Analitic 2019'!I242 -> 0.19400463 | ... N21: ='Plano Estatístico Analitic 2019'!N242 -> 2.3386806 | O21: =N21 -> 2.3386806
A22: CME - Pacotes/Caixas preparados | B22: ='Plano Estatístico Analitic 2019'!B251 -> 1609 | C22: ='Plano Estatístico Analitic 2019'!C251 -> 1792 | D22: ='Plano Estatístico Analitic 2019'!D251 -> 2532 | E22: ='Plano Estatístico Analitic 2019'!E251 -> 2176 | F22: ='Plano Estatístico Analitic 2019'!F251 -> 3312 | G22: ='Plano Estatístico Analitic 2019'!G251 -> 2461 | H22: ='Plano Estatístico Analitic 2019'!H251 -> 2412 | I22: ='Plano Estatístico Analitic 2019'!I251 -> 2145 | ... O22: ='Plano Estatístico Analitic 2019'!O251 -> 2703.202
A23: Número de Manutenções Corretivas | B23: ='Plano Estatístico Analitic 2019'!B257 -> 3 | C23: ='Plano Estatístico Analitic 2019'!C257 -> 3 | D23: ='Plano Estatístico Analitic 2019'!D257 -> 6 | E23: ='Plano Estatístico Analitic 2019'!F257 -> 4 | F23: ='Plano Estatístico Analitic 2019'!G257 -> 8 | G23: ='Plano Estatístico Analitic 2019'!H257 -> 10 | H23: ='Plano Estatístico Analitic 2019'!I257 -> 5 | I23: ='Plano Estatístico Analitic 2019'!J257 -> 7 | J23: ='Plano Estatístico Analitic 2019'!K257 -> 6 | K23: ='Plano Estatístico Analitic 2019'!L257 -> 9 | L23: ='Plano Estatístico Analitic 2019'!M257 -> 11 | M23: ='Plano Estatístico Analitic 2019'!N257 -> 78 | N23: ='Plano Estatístico Analitic 2019'!N257 -> 78 | O23: ='Plano Estatístico Analitic 2019'!O257 -> 6.5
A24: Número de Manutenções Preventivas | B24: ='Plano Estatístico Analitic 2019'!B258 -> 0 | C24: ='Plano Estatístico Analitic 2019'!C258 -> 0 | D24: 0 | E24: 0 | F24: 0 | G24: 0 | H24: 0 | I24: 0 | J24: 0 | K24: 0 | L24: 0 | M24: 0 | N24: ='Plano Estatístico Analitic 2019'!N258 -> 347 | O24: ='Plano Estatístico Analitic 2019'!O258 -> 57.833333
A25: Total de Reparos da Manutenção | B25: ='Plano Estatístico Analitic 2019'!B288 -> 50 | C25: ='Plano Estatístico Analitic 2019'!C288 -> 83 | D25: ='Plano Estatístico Analitic 2019'!D288 -> 33 | E25: ='Plano Estatístico Analitic 2019'!E288 -> 42 | F25: ='Plano Estatístico Analitic 2019'!F288 -> 22 | G25: ='Plano Estatístico Analitic 2019'!G288 -> 26 | H25: ='Plano Estatístico Analitic 2019'!H288 -> 58 | I25: ='Plano Estatístico Analitic 2019'!I288 -> 100 | ... O25: ='Plano Estatístico Analitic 2019'!O288 -> 64.333333
A26: Total de Funcionários | B26: ='Plano Estatístico Analitic 2019'!B298 -> 174 | C26: ='Plano Estatístico Analitic 2019'!C298 -> 184 | D26: ='Plano Estatístico Analitic 2019'!D298 -> 187 | E26: ='Plano Estatístico Analitic 2019'!E298 -> 186 | F26: ='Plano Estatístico Analitic 2019'!F298 -> 190 | G26: ='Plano Estatístico Analitic 2019'!G298 -> 193 | H26: ='Plano Estatístico Analitic 2019'!H298 -> 201 | I26: ='Plano Estatístico Analitic 2019'!I298 -> 198 | ... O26: ='Plano Estatístico Analitic 2019'!O298 -> 197.75
A27: Total de Médicos | B27: ='Plano Estatístico Analitic 2019'!B305 -> 37 | C27: ='Plano Estatístico Analitic 2019'!C305 -> 39 | D27: ='Plano Estatístico Analitic 2019'!D305 -> 42 | E27: ='Plano Estatístico Analitic 2019'!E305 -> 44 | F27: ='Plano Estatístico Analitic 2019'!F305 -> 45 | G27: ='Plano Estatístico Analitic 2019'!G305 -> 46 | H27: ='Plano Estatístico Analitic 2019'!H305 -> 47 | I27: ='Plano Estatístico Analitic 2019'!I305 -> 48 | ... O27: ='Plano Estatístico Analitic 2019'!O305 -> 44
A28: Total de Odontologia | B28: ='Plano Estatístico Analitic 2019'!B306 -> 8 | C28: ='Plano Estatístico Analitic 2019'!C306 -> 9 | D28: ='Plano Estatístico Analitic 2019'!D306 -> 9 | E28: ='Plano Estatístico Analitic 2019'!E306 -> 9 | F28: ='Plano Estatístico Analitic 2019'!F306 -> 9 | G28: ='Plano Estatístico Analitic 2019'!G306 -> 9 | H28: ='Plano Estatístico Analitic 2019'!H306 -> 9 | I28: ='Plano Estatístico Analitic 2019'!I306 -> 9 | ... O28: ='Plano Estatístico Analitic 2019'!O306 -> 8.9166667
A29: Total de Radiologia | B29: ='Plano Estatístico Analitic 2019'!B307 -> 4 | C29: ='Plano Estatístico Analitic 2019'!C307 -> 4 | D29: ='Plano Estatístico Analitic 2019'!D307 -> 4 | E29: ='Plano Estatístico Analitic 2019'!E307 -> 4 | F29: ='Plano Estatístico Analitic 2019'!F307 -> 4 | G29: ='Plano Estatístico Analitic 2019'!G307 -> 4 | H29: ='Plano Estatístico Analitic 2019'!H307 -> 3 | I29: ='Plano Estatístico Analitic 2019'!I307 -> 3 | ... O29: ='Plano Estatístico Analitic 2019'!O307 -> 3.5833333
A30: Total Fisioterapeuta | B30: ='Plano Estatístico Analitic 2019'!B308 -> 12 | C30: ='Plano Estatístico Analitic 2019'!C308 -> 12 | D30: ='Plano Estatístico Analitic 2019'!D308 -> 12 | E30: ='Plano Estatístico Analitic 2019'!E308 -> 12 | F30: ='Plano Estatístico Analitic 2019'!F308 -> 12 | G30: ='Plano Estatístico Analitic 2019'!G308 -> 12 | H30: ='Plano Estatístico Analitic 2019'!H308 -> 12 | I30: ='Plano Estatístico Analitic 2019'!I308 -> 12 | ... O30: ='Plano Estatístico Analitic 2019'!O308 -> 12.25
A31: Total de Terapeuta Ocupacional | B31: ='Plano Estatístico Analitic 2019'!B309 -> 9 | C31: ='Plano Estatístico Analitic 2019'!C309 -> 9 | D31: ='Plano Estatístico Analitic 2019'!D309 -> 9 | E31: ='Plano Estatístico Analitic 2019'!E309 -> 13 | F31: ='Plano Estatístico Analitic 2019'!F309 -> 13 | G31: ='Plano Estatístico Analitic 2019'!G309 -> 13 | H31: ='Plano Estatístico Analitic 2019'!H309 -> 13 | I31: ='Plano Estatístico Analitic 2019'!I309 -> 13 | ... O31: ='Plano Estatístico Analitic 2019'!O309 -> 12.416667
A32: Total de Fonoaudiologista | B32: ='Plano Estatístico Analitic 2019'!B310 -> 10 | C32: ='Plano Estatístico Analitic 2019'!C310 -> 10 | D32: ='Plano Estatístico Analitic 2019'!D310 -> 10 | E32: ='Plano Estatístico Analitic 2019'!E310 -> 12 | F32: ='Plano Estatístico Analitic 2019'!F310 -> 12 | G32: ='Plano Estatístico Analitic 2019'!G310 -> 12 | H32: ='Plano Estatístico Analitic 2019'!H310 -> 12 | I32: ='Plano Estatístico Analitic 2019'!I310 -> 12 | ... O32: ='Plano Estatístico Analitic 2019'!O310 -> 11.666667
A33: Total de Educador Físico | B33: ='Plano Estatístico Analitic 2019'!B311 -> 3 | C33: ='Plano Estatístico Analitic 2019'!C311 -> 3 | D33: ='Plano Estatístico Analitic 2019'!D311 -> 3 | E33: ='Plano Estatístico Analitic 2019'!E311 -> 4 | F33: ='Plano Estatístico Analitic 2019'!F311 -> 4 | G33: ='Plano Estatístico Analitic 2019'!G311 -> 4 | H33: ='Plano Estatístico Analitic 2019'!H311 -> 4 | I33: ='Plano Estatístico Analitic 2019'!I311 -> 4 | ... O33: ='Plano Estatístico Analitic 2019'!O311 -> 3.75
A34: Total de Terceiros | B34: ='Plano Estatístico Analitic 2019'!B344 -> 16 | C34: ='Plano Estatístico Analitic 2019'!C344 -> 16 | D34: ='Plano Estatístico Analitic 2019'!D300 -> 16 | E34: ='Plano Estatístico Analitic 2019'!E300 -> 16 | F34: ='Plano Estatístico Analitic 2019'!F300 -> 16 | G34: ='Plano Estatístico Analitic 2019'!G300 -> 16 | H34: ='Plano Estatístico Analitic 2019'!H300 -> 19 | I34: ='Plano Estatístico Analitic 2019'!I300 -> 14 | J34: ='Plano Estatístico Analitic 2019'!J300 -> 19 | K34: ='Plano Estatístico Analitic 2019'!K300 -> 20 | ... M34: ='Plano Estatístico Analitic 2019'!M300 -> 16 | N34: ='Plano Estatístico Analitic 2019'!N344 -> 16 | O34: ='Plano Estatístico Analitic 2019'!O344 -> 17.166667
A35: Funcionários em Férias | B35: ='Plano Estatístico Analitic 2019'!B327 -> 1 | C35: ='Plano Estatístico Analitic 2019'!C327 -> 1 | D35: ='Plano Estatístico Analitic 2019'!D327 -> 1 | E35: ='Plano Estatístico Analitic 2019'!E327 -> 3 | F35: ='Plano Estatístico Analitic 2019'!F327 -> 4 | G35: ='Plano Estatístico Analitic 2019'!G327 -> 12 | H35: ='Plano Estatístico Analitic 2019'!H327 -> 22 | I35: ='Plano Estatístico Analitic 2019'!I327 -> 17 | ... O35: ='Plano Estatístico Analitic 2019'!O327 -> 9.5
A36: Funcionários de Licenças | B36: ='Plano Estatístico Analitic 2019'!B328 -> 1 | C36: ='Plano Estatístico Analitic 2019'!C328 -> 1 | D36: ='Plano Estatístico Analitic 2019'!D328 -> 1 | E36: ='Plano Estatístico Analitic 2019'!E328 -> 2 | F36: ='Plano Estatístico Analitic 2019'!F328 -> 2 | G36: ='Plano Estatístico Analitic 2019'!G328 -> 0 | H36: ='Plano Estatístico Analitic 2019'!H328 -> 4 | I36: ='Plano Estatístico Analitic 2019'!I328 -> 4 | ... O36: ='Plano Estatístico Analitic 2019'!O328 -> 2.8181818
A37: Admissões | B37: ='Plano Estatístico Analitic 2019'!B329 -> 21 | C37: ='Plano Estatístico Analitic 2019'!C329 -> 12 | D37: ='Plano Estatístico Analitic 2019'!D329 -> 3 | E37: ='Plano Estatístico Analitic 2019'!E329 -> 6 | F37: ='Plano Estatístico Analitic 2019'!F329 -> 7 | G37: ='Plano Estatístico Analitic 2019'!G329 -> 10 | H37: ='Plano Estatístico Analitic 2019'!H329 -> 11 | I37: ='Plano Estatístico Analitic 2019'!I329 -> 4 | ... O37: ='Plano Estatístico Analitic 2019'!O329 -> 9.1666667
A38: Demissões | B38: ='Plano Estatístico Analitic 2019'!B330 -> 3 | C38: ='Plano Estatístico Analitic 2019'!C330 -> 2 | D38: ='Plano Estatístico Analitic 2019'!D330 -> 4 | E38: ='Plano Estatístico Analitic 2019'!E330 -> 3 | F38: ='Plano Estatístico Analitic 2019'!F330 -> 3 | G38: ='Plano Estatístico Analitic 2019'!G330 -> 6 | H38: ='Plano Estatístico Analitic 2019'!H330 -> 4 | I38: ='Plano Estatístico Analitic 2019'!I330 -> 7 | ... O38: ='Plano Estatístico Analitic 2019'!O330 -> 3.6666667
A39: % do Pessoal - Serviços Adm | B39: ='Plano Estatístico Analitic 2019'!B337 -> 0.36781609 | C39: ='Plano Estatístico Analitic 2019'!C337 -> 0.33152174 | D39: ='Plano Estatístico Analitic 2019'!D337 -> 0.37967914 | E39: ='Plano Estatístico Analitic 2019'!E337 -> 0.42473118 | F39: ='Plano Estatístico Analitic 2019'!F337 -> 0.37368421 | G39: ='Plano Estatístico Analitic 2019'!G337 -> 0.34196891 | H39: ='Plano Estatístico Analitic 2019'!H337 -> 0.34328358 | I39: ='Plano Estatístico Analitic 2019'!I337 -> 0.31818182 | ... O39: ='Plano Estatístico Analitic 2019'!O337 -> 0.35962722
A40: % do Pessoal de Assistência | B40: ='Plano Estatístico Analitic 2019'!B338 -> 0.37356322 | C40: ='Plano Estatístico Analitic 2019'!C338 -> 0.40217391 | D40: ='Plano Estatístico Analitic 2019'!D338 -> 0.35828877 | E40: ='Plano Estatístico Analitic 2019'!E338 -> 0.33870968 | F40: ='Plano Estatístico Analitic 2019'!F338 -> 0.37368421 | G40: ='Plano Estatístico Analitic 2019'!G338 -> 0.38860104 | H40: ='Plano Estatístico Analitic 2019'!H338 -> 0.4079602 | I40: ='Plano Estatístico Analitic 2019'!I338 -> 0.42424242 | ... O40: ='Plano Estatístico Analitic 2019'!O338 -> 0.39138881
A41: % do Pessoal Serviços de Apoio | B41: ='Plano Estatístico Analitic 2019'!B339 -> 0.18965517 | C41: ='Plano Estatístico Analitic 2019'!C339 -> 0.19021739 | D41: ='Plano Estatístico Analitic 2019'!D339 -> 0.18716578 | E41: ='Plano Estatístico Analitic 2019'!E339 -> 0.18817204 | F41: ='Plano Estatístico Analitic 2019'!F339 -> 0.18421053 | G41: ='Plano Estatístico Analitic 2019'!G339 -> 0.20725389 | H41: ='Plano Estatístico Analitic 2019'!H339 -> 0.18905473 | I41: ='Plano Estatístico Analitic 2019'!I339 -> 0.1969697 | ... O41: ='Plano Estatístico Analitic 2019'!O339 -> 0.18748396
A42: % do Pessoal de Arte e Cultura | B42: ='Plano Estatístico Analitic 2019'!B340 -> 0.068965517 | C42: ='Plano Estatístico Analitic 2019'!C340 -> 0.076086957 | D42: ='Plano Estatístico Analitic 2019'!D340 -> 0.07486631 | E42: ='Plano Estatístico Analitic 2019'!E340 -> 0.048387097 | F42: ='Plano Estatístico Analitic 2019'!F340 -> 0.068421053 | G42: ='Plano Estatístico Analitic 2019'!G340 -> 0.062176166 | H42: ='Plano Estatístico Analitic 2019'!H340 -> 0.059701493 | I42: ='Plano Estatístico Analitic 2019'!I340 -> 0.060606061 | ... O42: ='Plano Estatístico Analitic 2019'!O340 -> 0.061500012
A43: % do Pessoal PCD | B43: ='Plano Estatístico Analitic 2019'!B341 -> 0.034482759 | C43: ='Plano Estatístico Analitic 2019'!C341 -> 0.038043478 | D43: ='Plano Estatístico Analitic 2019'!D341 -> 0.026737968 | E43: ='Plano Estatístico Analitic 2019'!E341 -> 0.010752688 | F43: ='Plano Estatístico Analitic 2019'!F341 -> 0.031578947 | G43: ='Plano Estatístico Analitic 2019'!G341 -> 0.015544041 | H43: ='Plano Estatístico Analitic 2019'!H341 -> 0.024875622 | I43: ='Plano Estatístico Analitic 2019'!I341 -> 0.0272 | ... O43: ='Plano Estatístico Analitic 2019'!O341 -> 0.034077996
A44: Indice de Absenteísmo | B44: ='Plano Estatístico Analitic 2019'!B333 -> 0.37078235 | C44: ='Plano Estatístico Analitic 2019'!C333 -> 0.31055901 | D44: ='Plano Estatístico Analitic 2019'!D333 -> 0.27600483 | E44: ='Plano Estatístico Analitic 2019'!E333 -> 0.32258065 | F44: ='Plano Estatístico Analitic 2019'!F333 -> 0.32258065 | G44: ='Plano Estatístico Analitic 2019'!G333 -> 0.6044905 | H44: ='Plano Estatístico Analitic 2019'!H333 -> 1.0752688 | I44: ='Plano Estatístico Analitic 2019'!I333 -> 2.02 | ... O44: ='Plano Estatístico Analitic 2019'!O333 -> 0.70930266
A45: Índice de Rotatividade | B45: ='Plano Estatístico Analitic 2019'!B336 -> 6.8965517 | C45: ='Plano Estatístico Analitic 2019'!C336 -> 3.8043478 | D45: ='Plano Estatístico Analitic 2019'!D336 -> 1.8716578 | E45: ='Plano Estatístico Analitic 2019'!E336 -> 2.4193548 | F45: ='Plano Estatístico Analitic 2019'!F336 -> 2.6315789 | G45: ='Plano Estatístico Analitic 2019'!G336 -> 4.1450777 | H45: ='Plano Estatístico Analitic 2019'!H336 -> 3.7313433 | I45: ='Plano Estatístico Analitic 2019'!I336 -> 2.7777778 | ... O45: ='Plano Estatístico Analitic 2019'!O336 -> 3.290751 | DI45: Índice de Rotatividade | DJ45: Índice de Rotatividade | DK45: Índice de Rotatividade | DL45: Índice de Rotatividade | DM45: Índice de Rotatividade | DN45: Índice de Rotatividade | DO45: Índice de Rotatividade | DP45: Índice de Rotatividade | DQ45: Índice de Rotatividade | DR45: Índice de Rotatividade | DS45: Índice de Rotatividade | DT45: Índice de Rotatividade | DU45: Índice de Rotatividade | DV45: Índice de Rotatividade | DW45: Índice de Rotatividade | DX45: Índice de Rotatividade | DY45: Índice de Rotatividade | DZ45: Índice de Rotatividade | EA45: Índice de Rotatividade | EB45: Índice de Rotatividade | EC45: Índice de Rotatividade | ED45: Índice de Rotatividade | EE45: Índice de Rotatividade | EF45: Índice de Rotatividade | EG45: Índice de Rotatividade | EH45: Índice de Rotatividade | EI45: Índice de Rotatividade | EJ45: Índice de Rotatividade | EK45: Índice de Rotatividade | EL45: Índice de Rotatividade | EM45: Índice de Rotatividade | EN45: Índice de Rotatividade | EO45: Índice de Rotatividade | EP45: Índice de Rotatividade | EQ45: Índice de Rotatividade | ER45: Índice de Rotatividade | ES45: Índice de Rotatividade | ET45: Índice de Rotatividade | EU45: Índice de Rotatividade | EV45: Índice de Rotatividade | EW45: Índice de Rotatividade | EX45: Índice de Rotatividade | EY45: Índice de Rotatividade | EZ45: Índice de Rotatividade | FA45: Índice de Rotatividade | FB45: Índice de Rotatividade | FC45: Índice de Rotatividade | FD45: Índice de Rotatividade | FE45: Índice de Rotatividade | FF45: Índice de Rotatividade | FG45: Índice de Rotatividade | FH45: Índice de Rotatividade | FI45: Índice de Rotatividade | FJ45: Índice de Rotatividade | FK45: Índice de Rotatividade | FL45: Índice de Rotatividade | FM45: Índice de Rotatividade | FN45: Índice de Rotatividade | FO45: Índice de Rotatividade | FP45: Índice de Rotatividade | FQ45: Índice de Rotatividade | FR45: Índice de Rotatividade | FS45: Índice de Rotatividade | FT45: Índice de Rotatividade | FU45: Índice de Rotatividade | FV45: Índice de Rotatividade | FW45: Índice de Rotatividade | FX45: Índice de Rotatividade | FY45: Índice de Rotatividade | FZ45: Índice de Rotatividade | GA45: Índice de Rotatividade | GB45: Índice de Rotatividade | GC45: Índice de Rotatividade | GD45: Índice de Rotatividade | GE45: Índice de Rotatividade | GF45: Índice de Rotatividade | GG45: Índice de Rotatividade | GH45: Índice de Rotatividade | GI45: Índice de Rotatividade | GJ45: Índice de Rotatividade | GK45: Índice de Rotatividade | GL45: Índice de Rotatividade | GM45: Índice de Rotatividade | GN45: Índice de Rotatividade | GO45: Índice de Rotatividade | GP45: Índice de Rotatividade | GQ45: Índice de Rotatividade | GR45: Índice de Rotatividade | GS45: Índice de Rotatividade | GT45: Índice de Rotatividade | GU45: Índice de Rotatividade | GV45: Índice de Rotatividade | GW45: Índice de Rotatividade | GX45: Índice de Rotatividade | GY45: Índice de Rotatividade | GZ45: Índice de Rotatividade | HA45: Índice de Rotatividade | HB45: Índice de Rotatividade | HC45: Índice de Rotatividade | HD45: Índice de Rotatividade | HE45: Índice de Rotatividade | HF45: Índice de Rotatividade | HG45: Índice de Rotatividade | HH45: Índice de Rotatividade | HI45: Índice de Rotatividade | HJ45: Índice de Rotatividade | HK45: Índice de Rotatividade | HL45: Índice de Rotatividade | HM45: Índice de Rotatividade | HN45: Índice de Rotatividade | HO45: Índice de Rotatividade | HP45: Índice de Rotatividade | HQ45: Índice de Rotatividade | HR45: Índice de Rotatividade | HS45: Índice de Rotatividade | HT45: Índice de Rotatividade | HU45: Índice de Rotatividade | HV45: Índice de Rotatividade | HW45: Índice de Rotatividade | HX45: Índice de Rotatividade | HY45: Índice de Rotatividade | HZ45: Índice de Rotatividade | IA45: Índice de Rotatividade | IB45: Índice de Rotatividade | IC45: Índice de Rotatividade | ID45: Índice de Rotatividade | IE45: Índice de Rotatividade | IF45: Índice de Rotatividade | IG45: Índice de Rotatividade | IH45: Índice de Rotatividade | II45: Índice de Rotatividade | IJ45: Índice de Rotatividade | IK45: Índice de Rotatividade | IL45: Índice de Rotatividade | IM45: Índice de Rotatividade | IN45: Índice de Rotatividade | IO45: Índice de Rotatividade | IP45: Índice de Rotatividade | IQ45: Índice de Rotatividade | IR45: Índice de Rotatividade | IS45: Índice de Rotatividade | IT45: Índice de Rotatividade | IU45: Índice de Rotatividade | IV45: Índice de Rotatividade
A46: ='Plano Estatístico Analitic 2019'!A379 -> Total de Compras | B46: ='Plano Estatístico Analitic 2019'!B379 -> 89351.87 | C46: ='Plano Estatístico Analitic 2019'!C379 -> 47086.36 | D46: ='Plano Estatístico Analitic 2019'!D379 -> 139740.45 | E46: ='Plano Estatístico Analitic 2019'!E379 -> 116422.05 | F46: ='Plano Estatístico Analitic 2019'!F379 -> 304223.16 | G46: ='Plano Estatístico Analitic 2019'!G379 -> 207260.27 | H46: ='Plano Estatístico Analitic 2019'!H379 -> 267519.77 | ... O46: ='Plano Estatístico Analitic 2019'!O379 -> 200837.05
A47: ='Plano Estatístico Analitic 2019'!A400 -> Total de Consumo | B47: ='Plano Estatístico Analitic 2019'!B400 -> 31103.47 | C47: ='Plano Estatístico Analitic 2019'!C400 -> 44079.81 | D47: ='Plano Estatístico Analitic 2019'!D400 -> 39943.55 | E47: ='Plano Estatístico Analitic 2019'!E400 -> 98438.68 | F47: ='Plano Estatístico Analitic 2019'!F400 -> 238199.36 | G47: ='Plano Estatístico Analitic 2019'!G400 -> 122049.18 | H47: ='Plano Estatístico Analitic 2019'!H400 -> 165802.87 | ... O47: ='Plano Estatístico Analitic 2019'!O400 -> 182556.35
A48: ='Plano Estatístico Analitic 2019'!A401 -> Valor Atual do Estoque | B48: ='Plano Estatístico Analitic 2019'!B401 -> 403421.06 | C48: ='Plano Estatístico Analitic 2019'!C401 -> 405201.81 | D48: ='Plano Estatístico Analitic 2019'!D401 -> 504998.71 | E48: ='Plano Estatístico Analitic 2019'!E401 -> 522982.08 | F48: ='Plano Estatístico Analitic 2019'!F401 -> 591267.54 | G48: ='Plano Estatístico Analitic 2019'!G401 -> 676377.81 | H48: ='Plano Estatístico Analitic 2019'!H401 -> 777471.47 | ... O48: ='Plano Estatístico Analitic 2019'!O401 -> 564869.29
A51: Principais dados estatísticos de 2019
A53: Atendimentos Ambulatoriais - por Especialidade | B53: 43466 | C53: 43497 | D53: 43525 | E53: 43556 | F53: 43586 | G53: 43617 | H53: 43647 | I53: 43678 | J53: 43709 | K53: 43739 | L53: 43770 | M53: 43800 | N53: Acumulado | O53: Média
A54: Anestesiologia | B54: ='Plano Estatístico Analitic 2019'!B24 -> 17 | C54: ='Plano Estatístico Analitic 2019'!C24 -> 20 | D54: ='Plano Estatístico Analitic 2019'!D24 -> 30 | E54: ='Plano Estatístico Analitic 2019'!E24 -> 54 | F54: ='Plano Estatístico Analitic 2019'!F24 -> 69 | G54: ='Plano Estatístico Analitic 2019'!G24 -> 56 | H54: ='Plano Estatístico Analitic 2019'!H24 -> 54 | I54: ='Plano Estatístico Analitic 2019'!I24 -> 54 | ... O54: ='Plano Estatístico Analitic 2019'!O24 -> 52.916667
A55: Clínica Médica | B55: ='Plano Estatístico Analitic 2019'!B25 -> 55 | C55: ='Plano Estatístico Analitic 2019'!C25 -> 70 | D55: ='Plano Estatístico Analitic 2019'!D25 -> 92 | E55: ='Plano Estatístico Analitic 2019'!E25 -> 77 | F55: ='Plano Estatístico Analitic 2019'!F25 -> 114 | G55: ='Plano Estatístico Analitic 2019'!G25 -> 72 | H55: ='Plano Estatístico Analitic 2019'!H25 -> 103 | I55: ='Plano Estatístico Analitic 2019'!I25 -> 114 | ... O55: ='Plano Estatístico Analitic 2019'!O25 -> 96.833333
A56: Cardiologista | B56: ='Plano Estatístico Analitic 2019'!B26 -> 107 | C56: ='Plano Estatístico Analitic 2019'!C26 -> 65 | D56: ='Plano Estatístico Analitic 2019'!D26 -> 81 | E56: ='Plano Estatístico Analitic 2019'!E26 -> 111 | F56: ='Plano Estatístico Analitic 2019'!F26 -> 106 | G56: ='Plano Estatístico Analitic 2019'!G26 -> 161 | H56: ='Plano Estatístico Analitic 2019'!H26 -> 180 | I56: ='Plano Estatístico Analitic 2019'!I26 -> 260 | ... O56: ='Plano Estatístico Analitic 2019'!O26 -> 165
A57: Fisiatra | B57: ='Plano Estatístico Analitic 2019'!B27 -> 174 | C57: ='Plano Estatístico Analitic 2019'!C27 -> 90 | D57: ='Plano Estatístico Analitic 2019'!D27 -> 89 | E57: ='Plano Estatístico Analitic 2019'!E27 -> 99 | F57: ='Plano Estatístico Analitic 2019'!F27 -> 123 | G57: ='Plano Estatístico Analitic 2019'!G27 -> 86 | H57: ='Plano Estatístico Analitic 2019'!H27 -> 107 | I57: ='Plano Estatístico Analitic 2019'!I27 -> 153 | ... O57: ='Plano Estatístico Analitic 2019'!O27 -> 125.5
A58: Geneticista | B58: ='Plano Estatístico Analitic 2019'!B28 -> 65 | C58: ='Plano Estatístico Analitic 2019'!C28 -> 46 | D58: ='Plano Estatístico Analitic 2019'!D28 -> 41 | E58: ='Plano Estatístico Analitic 2019'!E28 -> 55 | F58: ='Plano Estatístico Analitic 2019'!F28 -> 66 | G58: ='Plano Estatístico Analitic 2019'!G28 -> 57 | H58: ='Plano Estatístico Analitic 2019'!H28 -> 65 | I58: ='Plano Estatístico Analitic 2019'!I28 -> 65 | ... O58: ='Plano Estatístico Analitic 2019'!O28 -> 64.75
A59: Neurologia Adulto | B59: ='Plano Estatístico Analitic 2019'!B29 -> 143 | C59: ='Plano Estatístico Analitic 2019'!C29 -> 103 | D59: ='Plano Estatístico Analitic 2019'!D29 -> 96 | E59: ='Plano Estatístico Analitic 2019'!E29 -> 186 | F59: ='Plano Estatístico Analitic 2019'!F29 -> 183 | G59: ='Plano Estatístico Analitic 2019'!G29 -> 219 | H59: ='Plano Estatístico Analitic 2019'!H29 -> 125 | I59: ='Plano Estatístico Analitic 2019'!I29 -> 165 | ... O59: ='Plano Estatístico Analitic 2019'!O29 -> 159.16667
A60: Neurologia Infantil | B60: ='Plano Estatístico Analitic 2019'!B30 -> 308 | C60: ='Plano Estatístico Analitic 2019'!C30 -> 246 | D60: ='Plano Estatístico Analitic 2019'!D30 -> 272 | E60: ='Plano Estatístico Analitic 2019'!E30 -> 295 | F60: ='Plano Estatístico Analitic 2019'!F30 -> 217 | G60: ='Plano Estatístico Analitic 2019'!G30 -> 103 | H60: ='Plano Estatístico Analitic 2019'!H30 -> 221 | I60: ='Plano Estatístico Analitic 2019'!I30 -> 288 | ... O60: ='Plano Estatístico Analitic 2019'!O30 -> 254.91667
A61: Oftalmologista | B61: ='Plano Estatístico Analitic 2019'!B31 -> 197 | C61: ='Plano Estatístico Analitic 2019'!C31 -> 400 | D61: ='Plano Estatístico Analitic 2019'!D31 -> 170 | E61: ='Plano Estatístico Analitic 2019'!E31 -> 193 | F61: ='Plano Estatístico Analitic 2019'!F31 -> 165 | G61: ='Plano Estatístico Analitic 2019'!G31 -> 125 | H61: ='Plano Estatístico Analitic 2019'!H31 -> 167 | I61: ='Plano Estatístico Analitic 2019'!I31 -> 258 | ... O61: ='Plano Estatístico Analitic 2019'!O31 -> 251.33333
A62: Ortopedista | B62: ='Plano Estatístico Analitic 2019'!B32 -> 378 | C62: ='Plano Estatístico Analitic 2019'!C32 -> 151 | D62: ='Plano Estatístico Analitic 2019'!D32 -> 122 | E62: ='Plano Estatístico Analitic 2019'!E32 -> 172 | F62: ='Plano Estatístico Analitic 2019'!F32 -> 268 | G62: ='Plano Estatístico Analitic 2019'!G32 -> 181 | H62: ='Plano Estatístico Analitic 2019'!H32 -> 276 | I62: ='Plano Estatístico Analitic 2019'!I32 -> 526 | ... O62: ='Plano Estatístico Analitic 2019'!O32 -> 268
A63: Otorrinolaringologista | B63: ='Plano Estatístico Analitic 2019'!B33 -> 497 | C63: ='Plano Estatístico Analitic 2019'!C33 -> 202 | D63: ='Plano Estatístico Analitic 2019'!D33 -> 184 | E63: ='Plano Estatístico Analitic 2019'!E33 -> 244 | F63: ='Plano Estatístico Analitic 2019'!F33 -> 252 | G63: ='Plano Estatístico Analitic 2019'!G33 -> 198 | H63: ='Plano Estatístico Analitic 2019'!H33 -> 336 | I63: ='Plano Estatístico Analitic 2019'!I33 -> 289 | ... O63: ='Plano Estatístico Analitic 2019'!O33 -> 301
A64: Urologista | B64: ='Plano Estatístico Analitic 2019'!B34 -> 50 | C64: ='Plano Estatístico Analitic 2019'!C34 -> 53 | D64: ='Plano Estatístico Analitic 2019'!D34 -> 54 | E64: ='Plano Estatístico Analitic 2019'!E34 -> 34 | F64: ='Plano Estatístico Analitic 2019'!F34 -> 89 | G64: ='Plano Estatístico Analitic 2019'!G34 -> 61 | H64: ='Plano Estatístico Analitic 2019'!H34 -> 109 | I64: ='Plano Estatístico Analitic 2019'!I34 -> 95 | ... O64: ='Plano Estatístico Analitic 2019'!O34 -> 79.333333
A65: Proctogastroenterologia | B65: ='Plano Estatístico Analitic 2019'!B35 -> 23 | C65: ='Plano Estatístico Analitic 2019'!C35 -> 10 | D65: ='Plano Estatístico Analitic 2019'!D35 -> 23 | E65: ='Plano Estatístico Analitic 2019'!E35 -> 12 | F65: ='Plano Estatístico Analitic 2019'!F35 -> 41 | G65: ='Plano Estatístico Analitic 2019'!G35 -> 21 | H65: ='Plano Estatístico Analitic 2019'!H35 -> 30 | I65: ='Plano Estatístico Analitic 2019'!I35 -> 57 | ... O65: ='Plano Estatístico Analitic 2019'!O35 -> 40.833333
... A80: Pediatria | B80: ='Plano Estatístico Analitic 2019'!B50 -> 30 | C80: ='Plano Estatístico Analitic 2019'!C50 -> 36 | D80: ='Plano Estatístico Analitic 2019'!D50 -> 36 | E80: ='Plano Estatístico Analitic 2019'!E50 -> 47 | F80: ='Plano Estatístico Analitic 2019'!F50 -> 81 | G80: ='Plano Estatístico Analitic 2019'!G50 -> 56 | H80: ='Plano Estatístico Analitic 2019'!H50 -> 93 | I80: ='Plano Estatístico Analitic 2019'!I50 -> 97 | ... O80: ='Plano Estatístico Analitic 2019'!O50 -> 65.333333
A81: Reumatologia | C81: ='Plano Estatístico Analitic 2019'!C51 -> 2 | D81: ='Plano Estatístico Analitic 2019'!D51 -> 5 | E81: ='Plano Estatístico Analitic 2019'!E51 -> 3 | F81: ='Plano Estatístico Analitic 2019'!F51 -> 2 | G81: ='Plano Estatístico Analitic 2019'!G51 -> 5 | H81: ='Plano Estatístico Analitic 2019'!H51 -> 8 | I81: ='Plano Estatístico Analitic 2019'!I51 -> 9 | J81: ='Plano Estatístico Analitic 2019'!J51 -> 13 | ... O81: ='Plano Estatístico Analitic 2019'!O51 -> 16.363636
A82: Endocrinologia | B82: ='Plano Estatístico Analitic 2019'!B52 -> 12 | C82: ='Plano Estatístico Analitic 2019'!C52 -> 11 | D82: ='Plano Estatístico Analitic 2019'!D52 -> 16 | E82: ='Plano Estatístico Analitic 2019'!E52 -> 18 | F82: ='Plano Estatístico Analitic 2019'!F52 -> 27 | G82: ='Plano Estatístico Analitic 2019'!G52 -> 23 | H82: ='Plano Estatístico Analitic 2019'!H52 -> 31 | I82: ='Plano Estatístico Analitic 2019'!I52 -> 28 | ... O82: ='Plano Estatístico Analitic 2019'!O52 -> 27.333333
A83: Ortopedia Pediátrica | B83: ='Plano Estatístico Analitic 2019'!B53 -> 52 | C83: ='Plano Estatístico Analitic 2019'!C53 -> 114 | D83: ='Plano Estatístico Analitic 2019'!D53 -> 120 | E83: ='Plano Estatístico Analitic 2019'!E53 -> 132 | F83: ='Plano Estatístico Analitic 2019'!F53 -> 205 | G83: ='Plano Estatístico Analitic 2019'!G53 -> 148 | H83: ='Plano Estatístico Analitic 2019'!H53 -> 135 | I83: ='Plano Estatístico Analitic 2019'!I53 -> 71 | ... O83: ='Plano Estatístico Analitic 2019'!O53 -> 171.91667
A84: Musicoterapeuta | B84: ='Plano Estatístico Analitic 2019'!B54 -> 285 | C84: ='Plano Estatístico Analitic 2019'!C54 -> 270 | D84: ='Plano Estatístico Analitic 2019'!D54 -> 232 | E84: ='Plano Estatístico Analitic 2019'!E54 -> 310 | F84: ='Plano Estatístico Analitic 2019'!F54 -> 281 | G84: ='Plano Estatístico Analitic 2019'!G54 -> 226 | H84: ='Plano Estatístico Analitic 2019'!H54 -> 232 | I84: ='Plano Estatístico Analitic 2019'!I54 -> 217 | ... O84: ='Plano Estatístico Analitic 2019'!O54 -> 256.75
A85: Prótese Buco-Maxilo- Facial | B85: ='Plano Estatístico Analitic 2019'!B55 -> 0 | C85: ='Plano Estatístico Analitic 2019'!C55 -> 0 | D85: ='Plano Estatístico Analitic 2019'!D55 -> 0 | E85: ='Plano Estatístico Analitic 2019'!E55 -> 0 | F85: ='Plano Estatístico Analitic 2019'!F55 -> 0 | G85: ='Plano Estatístico Analitic 2019'!G55 -> 0 | H85: ='Plano Estatístico Analitic 2019'!H55 -> 2 | I85: ='Plano Estatístico Analitic 2019'!I55 -> 4 | ... O85: ='Plano Estatístico Analitic 2019'!O55 -> 3
A86: Total | B86: =SUM(B54:B85) -> 11548 | C86: =SUM(C54:C85) -> 11733 | D86: =SUM(D54:D85) -> 10726 | E86: =SUM(E54:E85) -> 13018 | F86: =SUM(F54:F85) -> 15092 | G86: =SUM(G54:G85) -> 15006 | H86: =SUM(H54:H85) -> 17838 | I86: =SUM(I54:I85) -> 17571 | ... O86: =SUM(O54:O85) -> 14717.871
A89: Principais dados estatísticos de 2019
A91: Exames | B91: 43466 | C91: 43497 | D91: 43525 | E91: 43556 | F91: 43586 | G91: 43617 | H91: 43647 | I91: 43678 | J91: 43709 | K91: 43739 | L91: 43770 | M91: 43800 | N91: Acumulado | O91: Média
A92: Nº de Exames de Audiometria | B92: ='Plano Estatístico Analitic 2019'!B187 -> 26 | C92: ='Plano Estatístico Analitic 2019'!C187 -> 51 | D92: ='Plano Estatístico Analitic 2019'!D187 -> 62 | E92: ='Plano Estatístico Analitic 2019'!E187 -> 61 | F92: ='Plano Estatístico Analitic 2019'!F187 -> 112 | G92: ='Plano Estatístico Analitic 2019'!G187 -> 190 | H92: ='Plano Estatístico Analitic 2019'!H187 -> 75 | I92: ='Plano Estatístico Analitic 2019'!I187 -> 122 | ... O92: ='Plano Estatístico Analitic 2019'!O187 -> 123.66667
A93: Nº de Exames de Berapotencial Evocado | B93: ='Plano Estatístico Analitic 2019'!B188 -> 28 | C93: ='Plano Estatístico Analitic 2019'!C188 -> 43 | D93: ='Plano Estatístico Analitic 2019'!D188 -> 56 | E93: ='Plano Estatístico Analitic 2019'!E188 -> 34 | F93: ='Plano Estatístico Analitic 2019'!F188 -> 79 | G93: ='Plano Estatístico Analitic 2019'!G188 -> 75 | H93: ='Plano Estatístico Analitic 2019'!H188 -> 123 | I93: ='Plano Estatístico Analitic 2019'!I188 -> 99 | ... O93: ='Plano Estatístico Analitic 2019'!O188 -> 86.083333
A94: Nº de Exames de Densitometria Óssea | B94: ='Plano Estatístico Analitic 2019'!B189 -> 0 | C94: ='Plano Estatístico Analitic 2019'!C189 -> 0 | D94: ='Plano Estatístico Analitic 2019'!D189 -> 2 | E94: ='Plano Estatístico Analitic 2019'!E189 -> 39 | F94: ='Plano Estatístico Analitic 2019'!F189 -> 156 | G94: ='Plano Estatístico Analitic 2019'!G189 -> 91 | H94: ='Plano Estatístico Analitic 2019'!H189 -> 115 | I94: ='Plano Estatístico Analitic 2019'!I189 -> 48 | ... O94: ='Plano Estatístico Analitic 2019'!O189 -> 101.5
A95: Nº de Exames de Ecocardiograma | B95: ='Plano Estatístico Analitic 2019'!B190 -> 0 | C95: ='Plano Estatístico Analitic 2019'!C190 -> 0 | D95: ='Plano Estatístico Analitic 2019'!D190 -> 28 | E95: ='Plano Estatístico Analitic 2019'!E190 -> 138 | F95: ='Plano Estatístico Analitic 2019'!F190 -> 176 | G95: ='Plano Estatístico Analitic 2019'!G190 -> 182 | H95: ='Plano Estatístico Analitic 2019'!H190 -> 197 | I95: ='Plano Estatístico Analitic 2019'!I190 -> 253 | ... O95: ='Plano Estatístico Analitic 2019'!O190 -> 185.3
A96: Nº de Exames de Eletrocardiograma | B96: ='Plano Estatístico Analitic 2019'!B191 -> 28 | C96: ='Plano Estatístico Analitic 2019'!C191 -> 62 | D96: ='Plano Estatístico Analitic 2019'!D191 -> 65 | E96: ='Plano Estatístico Analitic 2019'!E191 -> 105 | F96: ='Plano Estatístico Analitic 2019'!F191 -> 130 | G96: ='Plano Estatístico Analitic 2019'!G191 -> 153 | H96: ='Plano Estatístico Analitic 2019'!H191 -> 193 | I96: ='Plano Estatístico Analitic 2019'!I191 -> 181 | ... O96: ='Plano Estatístico Analitic 2019'!O191 -> 139.83333
A97: Nº de Exames de Eletroencefalograma | B97: ='Plano Estatístico Analitic 2019'!B192 -> 0 | C97: ='Plano Estatístico Analitic 2019'!C192 -> 0 | D97: ='Plano Estatístico Analitic 2019'!D192 -> 0 | E97: ='Plano Estatístico Analitic 2019'!E192 -> 0 | F97: ='Plano Estatístico Analitic 2019'!F192 -> 101 | G97: ='Plano Estatístico Analitic 2019'!G192 -> 82 | H97: ='Plano Estatístico Analitic 2019'!H192 -> 81 | I97: ='Plano Estatístico Analitic 2019'!I192 -> 82 | ... O97: ='Plano Estatístico Analitic 2019'!O192 -> 104.25
A98: Nº de Exames de Eletroneuromiografia | B98: ='Plano Estatístico Analitic 2019'!B193 -> 26 | C98: ='Plano Estatístico Analitic 2019'!C193 -> 9 | D98: ='Plano Estatístico Analitic 2019'!D193 -> 52 | E98: ='Plano Estatístico Analitic 2019'!E193 -> 44 | F98: ='Plano Estatístico Analitic 2019'!F193 -> 82 | G98: ='Plano Estatístico Analitic 2019'!G193 -> 84 | H98: ='Plano Estatístico Analitic 2019'!H193 -> 78 | I98: ='Plano Estatístico Analitic 2019'!I193 -> 73 | ... O98: ='Plano Estatístico Analitic 2019'!O193 -> 68.416667
A99: Nº de Exames de Teste Ergométrico | B99: ='Plano Estatístico Analitic 2019'!B194 -> 0 | C99: ='Plano Estatístico Analitic 2019'!C194 -> 22 | D99: ='Plano Estatístico Analitic 2019'!D194 -> 32 | E99: ='Plano Estatístico Analitic 2019'!E194 -> 45 | F99: ='Plano Estatístico Analitic 2019'!F194 -> 59 | G99: ='Plano Estatístico Analitic 2019'!G194 -> 79 | H99: ='Plano Estatístico Analitic 2019'!H194 -> 76 | I99: ='Plano Estatístico Analitic 2019'!I194 -> 73 | ... O99: ='Plano Estatístico Analitic 2019'!O194 -> 78.454545
A100: Nº de Exames de Holter | B100: ='Plano Estatístico Analitic 2019'!B195 -> 5 | C100: ='Plano Estatístico Analitic 2019'!C195 -> 12 | D100: ='Plano Estatístico Analitic 2019'!D195 -> 14 | E100: ='Plano Estatístico Analitic 2019'!E195 -> 19 | F100: ='Plano Estatístico Analitic 2019'!F195 -> 53 | G100: ='Plano Estatístico Analitic 2019'!G195 -> 65 | H100: ='Plano Estatístico Analitic 2019'!H195 -> 50 | I100: ='Plano Estatístico Analitic 2019'!I195 -> 58 | ... O100: ='Plano Estatístico Analitic 2019'!O195 -> 45.25
A101: Nº de Exames de Imitanciometria | B101: ='Plano Estatístico Analitic 2019'!B196 -> 5 | C101: ='Plano Estatístico Analitic 2019'!C196 -> 33 | D101: ='Plano Estatístico Analitic 2019'!D196 -> 67 | E101: ='Plano Estatístico Analitic 2019'!E196 -> 48 | F101: ='Plano Estatístico Analitic 2019'!F196 -> 73 | G101: ='Plano Estatístico Analitic 2019'!G196 -> 113 | H101: ='Plano Estatístico Analitic 2019'!H196 -> 81 | I101: ='Plano Estatístico Analitic 2019'!I196 -> 98 | ... O101: ='Plano Estatístico Analitic 2019'!O196 -> 73.416667
A102: Nº de Exames de Mapa | B102: ='Plano Estatístico Analitic 2019'!B197 -> 0 | C102: ='Plano Estatístico Analitic 2019'!C197 -> 0 | D102: ='Plano Estatístico Analitic 2019'!D197 -> 0 | E102: ='Plano Estatístico Analitic 2019'!E197 -> 0 | F102: ='Plano Estatístico Analitic 2019'!F197 -> 1 | G102: ='Plano Estatístico Analitic 2019'!G197 -> 13 | H102: ='Plano Estatístico Analitic 2019'!H197 -> 39 | I102: ='Plano Estatístico Analitic 2019'!I197 -> 29 | ... O102: ='Plano Estatístico Analitic 2019'!O197 -> 25.875
A103: Nº de Exames de Raio-x Digital | B103: ='Plano Estatístico Analitic 2019'!B198 -> 375 | C103: ='Plano Estatístico Analitic 2019'!C198 -> 358 | D103: ='Plano Estatístico Analitic 2019'!D198 -> 189 | E103: ='Plano Estatístico Analitic 2019'!E198 -> 431 | F103: ='Plano Estatístico Analitic 2019'!F198 -> 542 | G103: ='Plano Estatístico Analitic 2019'!G198 -> 441 | H103: ='Plano Estatístico Analitic 2019'!H198 -> 497 | I103: ='Plano Estatístico Analitic 2019'!I198 -> 550 | ... O103: ='Plano Estatístico Analitic 2019'!O198 -> 552.66667
... A108: Nº de Exames de Processamento Auditivo | B108: ='Plano Estatístico Analitic 2019'!B203 -> 0 | C108: ='Plano Estatístico Analitic 2019'!C203 -> 0 | D108: ='Plano Estatístico Analitic 2019'!D203 -> 0 | E108: ='Plano Estatístico Analitic 2019'!E203 -> 0 | F108: ='Plano Estatístico Analitic 2019'!F203 -> 0 | G108: ='Plano Estatístico Analitic 2019'!G203 -> 0 | H108: ='Plano Estatístico Analitic 2019'!H203 -> 0 | I108: ='Plano Estatístico Analitic 2019'!I203 -> 0 | ... O108: ='Plano Estatístico Analitic 2019'!O203 -> 1
A109: Total | B109: =SUM(B92:B108) -> 604 | C109: =SUM(C92:C108) -> 772 | D109: =SUM(D92:D108) -> 726 | E109: =SUM(E92:E108) -> 1235 | F109: =SUM(F92:F108) -> 2031 | G109: =SUM(G92:G108) -> 1963 | H109: =SUM(H92:H108) -> 1962 | I109: =SUM(I92:I108) -> 2095 | ... O109: =SUM(O92:O108) -> 1952.7129
